 Dungeon Crawl Stone Soup version 0.31-a0-924-ge39a22a033 (webtiles) character file.

Game seed: 4524032869052647242

1829186 EnegeticOcto the Shapeless Cat (level 24, 97/114 HPs)
             Began as a Felid Chaos Knight on Oct 18, 2023.
             Was a Favourite Plaything of Xom.
             Escaped with the Orb
             ... and 3 runes!
             The game lasted 02:03:05 (54397 turns).

EnegeticOcto the Shapeless Cat (FeCK)              Turns: 54397, Time: 02:03:05

Health: 97/114     AC: 20    Str:  8    XL:     24   Next: 55%
Magic:  39/39      EV: 89    Int: 17    God:    Xom [...*..]
Gold:   3318       SH:  0    Dex: 32    Spells: 21/46 levels left
                                        Lives:  2   Deaths: 5

rFire   + .          .
                       - Unarmed
rCold   + . .        (shield unavailable)
rNeg    . . .        (body armour unavailable)
rPois   ∞            (helmet unavailable)
rElec   +            (cloak unavailable)
rCorr   .            (gloves unavailable)
SInv    +            (boots unavailable)
Will    +++..        H - amulet of guardian spirit
Stlth   +            J - +5 ring of protection
HPRegen 0.39/turn    g - ring "Voulush" {rF+ rC+ EV+5 Str+3, =R}
MPRegen 0.26/turn

%: clarity, guardian spirit
@: storm-form, flying, glowing
A: cleaving, insubstantial, flying, very small, (claws 1), (fangs 3), see
invisible, (speed 1), (shaggy fur 3), (stealthy paws), no weapons or thrown
items, no armour, multi-lived, (iridescent scales 2), agile 2, clarity, clever
1, mutation resistance 1, (poison resistance), screaming 1, wild magic 1
0: Orb of Zot
}: 3/15 runes: decaying, abyssal, gossamer
a: Blinkbolt, Begin Untransformation, Renounce Religion


You escaped.
You worshipped Xom.
You were a favourite toy of Xom.
You were a lightning-filled tempest!
You visited 9 branches of the dungeon, and saw 46 of its levels.
You visited the Abyss 1 time.
You also visited: Ossuary and Ice Cave.

You collected 10267 gold pieces.
You spent 6949 gold pieces at shops.

Inventory:

Jewellery
 g - the ring "Voulush" (right paw) {rF+ rC+ EV+5 Str+3, =R}
   (You bought it in a shop on level 2 of the Orcish Mines)

   [ring of evasion]

   EV+5:      It affects your evasion (+5).
   Str+3:     It affects your strength (+3).
   rF+:       It protects you from fire.
   rC+:       It protects you from cold.
 q - a ring of positive energy
   (You found it on level 11 of the Dungeon)
 z - a ring of flight
   (You found it on level 2 of the Spider Nest)
 H - an amulet of guardian spirit (around neck)
   (You bought it in a shop on level 1 of the Vaults)
 J - a +5 ring of protection (left paw)
   (You bought it in a shop on level 8 of the Dungeon)
 L - an amulet of regeneration
   (You bought it in a shop on level 2 of the Orcish Mines)
 O - a ring of protection from fire
   (Xom gifted it to you on level 3 of the Lair of Beasts)
 P - a +6 ring of intelligence
   (You found it on level 3 of the Lair of Beasts)
 S - the ring "Hoabli" {rF+ rC- Will+ Str+3}
   (You acquired it on level 1 of the Elven Halls)

   [ring of willpower]

   Str+3:     It affects your strength (+3).
   rF+:       It protects you from fire.
   rC-:       It makes you vulnerable to cold.
   Will+:     It increases your willpower.
Talismans
 B - a storm talisman (active)
   (You bought it in a shop on level 2 of the Orcish Mines)
 E - a granite talisman
   (You found it on level 9 of the Dungeon)
Wands
 d - a wand of flame (163) {@v4}
   (You found it on level 7 of the Dungeon)
 r - a wand of charming (36)
   (You took it off Ijyb on level 5 of the Dungeon)
 s - a wand of polymorph (10)
   (You found it on level 13 of the Dungeon)
 y - a wand of mindburst (54)
   (You found it on level 7 of the Dungeon)
 A - a wand of light (34) {@v1}
   (You found it on level 7 of the Dungeon)
 F - a wand of digging (10) {@v3}
   (You found it on level 11 of the Dungeon)
 G - a wand of roots (22) {@v2}
   (You took it off an orc priest on level 9 of the Dungeon)
Scrolls
 a - 3 scrolls of butterflies
 e - 12 scrolls of fog {!r}
 f - 5 scrolls of immolation
 h - 9 scrolls of noise
 n - 6 scrolls of vulnerability
 t - 6 scrolls of teleportation {@r3 !r}
 C - a scroll of blinking {@r4}
 D - 3 scrolls of fear {!r}
 N - 3 scrolls of poison
Potions
 b - 8 potions of might {@q3 !q}
 c - 23 potions of heal wounds {@q2 !q}
 i - 13 potions of attraction
 j - 14 potions of curing {@q1 !q}
 k - 8 potions of invisibility
 l - 9 potions of brilliance
 m - a potion of mutation
 o - 5 potions of enlightenment
 p - 4 potions of lignification {@q6}
 w - 2 potions of magic
 x - 4 potions of haste {@q4 !q}
 K - 3 potions of ambrosia
 M - 6 potions of cancellation
 R - a potion of berserk rage
Miscellaneous
 v - a phantom mirror
   (You found it on level 1 of the Spider Nest)
 Q - a box of beasts
   (You found it on level 1 of the Lair of Beasts)


   Skills:
 + Level 16.1 Fighting
 + Level 26.3 Dodging
 - Level 6.0 Stealth
 - Level 20.0 Unarmed Combat
 + Level 11.5 Spellcasting
 - Level 2.1 Summonings
 - Level 11.0 Translocations
 - Level 5.0 Air Magic
 + Level 7.7 Evocations
 O Level 27 Shapeshifting


You had 21 spell levels left.
You knew the following spells:

 Your Spells              Type           Power      Damage    Failure   Level
a - Apportation           Tloc           100%       N/A       1%          1
b - Vhi's Electric Charg  Tloc/Air       96%        N/A       4%          4
c - Manifold Assault      Tloc           57%        N/A       1%          4
d - Summon Forest         Summ/Tloc      20%        N/A       21%         5
e - Teleport Other        Tloc           57%        N/A       1%          3
f - Gell's Gravitas       Tloc           57%        N/A       1%          3
g - Summon Small Mammal   Summ           88%        N/A       5%          1
p - Passwall              Tmut/Erth      10%        N/A       16%         2
Y - Blink                 Tloc           100%       N/A       1%          2

Your spell library contained the following spells:

 Spells                   Type           Power      Damage    Failure   Level
 Lesser Beckoning         Tloc           100%       N/A       1%          2
 Shock                    Conj/Air       92%        1d8       4%          1
 Swiftness                Air            34%        N/A       4%          3
 Call Imp                 Summ           44%        N/A       8%          2
 Cigotuvi's Dreadful Rot  Necr/Pois/Air  40%        N/A       9%          2
 Foxfire                  Conj/Fire      48%        2x1d6     12%         1
 Kiss of Death            Conj/Necr      48%        2d9       12%         1
 Magic Dart               Conj           48%        1d5       12%         1
 Necrotise                Necr           48%        1d6       12%         1
 Sandblast                Erth           24%        2d8       12%         1
 Call Canine Familiar     Summ           22%        N/A       14%         3
 Airstrike                Air            17%        2d(3-19)  14%         4
 Scorch                   Fire           24%        2d6       16%         2
 Mephitic Cloud           Conj/Pois/Air  20%        N/A       16%         3
 Dispersal                Tloc           28%        N/A       17%         6
 Summon Guardian Golem    Hex/Summ       17%        N/A       21%         3
 Confusing Touch          Hex            12%        N/A       30%         3
 Frozen Ramparts          Ice            24%        1d4       30%         3
 Inner Flame              Hex/Fire       12%        N/A       30%         3
 Ozocubu's Armour         Ice            12%        N/A       30%         3
 Sigil of Binding         Hex            12%        N/A       30%         3
 Stone Arrow              Conj/Erth      24%        3d8       30%         3
 Brom's Barrelling Bould  Conj/Erth      12%        2d4       67%         4
 Cause Fear               Hex            6%         N/A       67%         4
 Dispel Undead            Necr           12%        3d9       67%         4
 Flame Wave               Conj/Fire      12%        2d6       67%         4
 Leda's Liquefaction      Hex/Erth       6%         N/A       67%         4
 Petrify                  Tmut/Erth      12%        N/A       67%         4
 Arcjolt                  Conj/Air       11%        1d21      67%         5
 Summon Mana Viper        Hex/Summ       17%        N/A       85%         5
 Fireball                 Conj/Fire      6%         3d5       94%         5
 Irradiate                Conj/Tmut      6%         3d13      94%         5
 Iskenderun's Battlesphe  Conj           12%        2d7       94%         5
 Metabolic Englaciation   Hex/Ice        6%         N/A       94%         5
 Conjure Ball Lightning   Conj/Air       11%        3x3d6     99%         6
 Plasma Beam              Fire/Air       11%        2x1d22    99%         6
 Summon Cactus Giant      Summ           11%        N/A       99%         6
 Disjunction              Tloc           28%        N/A       99%         8
 Bombard                  Conj/Erth      6%         9d2       100%        6
 Death Channel            Necr           6%         N/A       100%        6
 Eringya's Noxious Bog    Tmut/Pois      6%         4d6       100%        6
 Simulacrum               Ice/Necr       6%         N/A       100%        6
 Starburst                Conj/Fire      6%         6d4       100%        6
 Monstrous Menagerie      Summ           11%        N/A       100%        7
 Orb of Destruction       Conj           6%         9d6       100%        7
 Ozocubu's Refrigeration  Ice            6%         4d8       100%        7
 Spellforged Servitor     Conj/Summ      8%         N/A       100%        7
 Summon Hydra             Summ           11%        N/A       100%        7
 Discord                  Hex            6%         N/A       100%        8
 Lehudib's Crystal Spear  Conj/Erth      6%         10d3      100%        8
 Dragon's Call            Summ           11%        N/A       100%        9
 Polar Vortex             Ice            6%         N/A       100%        9
 Dimensional Bullseye     Hex/Tloc       Unusable   N/A       N/A         4
 Sublimation of Blood     Necr           Unusable   N/A       N/A         2
 Animate Armour           Summ/Erth      Unusable   N/A       N/A         4

Dungeon Overview and Level Annotations

Branches:
Dungeon (15/15)            Temple (0/1) D:5            Lair (5/5) D:11
  Swamp (4/4) Lair:3       Spider (4/4) Lair:2          Orc (2/2) D:12
    Elf (3/3) Orc:2        Vaults (4/5) D:13          Crypt (0/3) Vaults:3
 Depths (4/4) D:15            Zot (5/5) Depths:4    Ossuary (visited)
  IceCv (visited)
  Slime: Lair:4-5

Altars:
Ashenzari
Gozag
Kikubaaqudgha
Makhleb
Qazlal
Ru
Sif Muna
Trog
Uskayaw
Wu Jian
Xom
Yredelemnul
Zin
The Shining One

Shops:
D:6 [   D:8 *=   D:10 [   Orc:1 (   Orc:2 [[[=   Elf:1 :!*   Elf:2 *
Vaults:1 =(   Vaults:2 :   Vaults:3 *[(   Depths:1 *   Depths:3 ::=:

Portals:
Hell: Depths:1 Depths:2 Depths:3 Depths:4
Abyss: Depths:3
Pandemonium: Depths:2 Depths:4
Ziggurat: Depths:3

Annotations:
D:10 1 transporter
Lair:5 2 runed translucent doors, exclusion: 3 oklob plants
Spider:4 2 transporters, Talonman3's ghost, adept TeAE
Elf:1 6 transporters
Elf:2 3 runed translucent doors
Zot:5 1 exclusion


Innate Abilities, Weirdness & Mutations

You are a lightning-filled tempest!
Your electrical attacks strike out in all directions at once.
You are incredibly evasive.
Your insubstantial body is immune to petrification, constriction, and being set on fire You are flying.
You are immune to poison.
((You have sharp claws.))
((You have razor-sharp teeth.))
You have supernaturally acute eyesight. (SInv)
((You cover ground quickly. (Speed+)))
((Your thick and shaggy fur keeps you warm. (AC +3, rC+)))
((Your paws help you pounce on unaware monsters.))
You are incapable of wielding weapons or throwing items.
You cannot wear armour.
You gain extra lives every three experience levels.
((You are mostly covered in iridescent scales. (AC +4)))
You are very agile. (Dex +8, Str/Int -2)
You possess an exceptional clarity of mind.
Your mind is acute. (Int +4, Str/Dex -1)
You are somewhat resistant to further mutation.
((Your system is resistant to poisons. (rPois)))
You occasionally shout uncontrollably at your foes.
Your spells are a little harder to cast, but a little more powerful.


Message History

The Executioner gestures.
The Executioner seems to speed up.
There is a stone staircase leading up here.
The Executioner completely misses you. x3
You fly upwards.
There is a stone staircase leading down, spattered with blood here.
(D) Dungeon (T) Temple (L) Lair (S) Swamp (N) Spider Nest (O) Orcish Mines (E) Elven Halls (V) Vaults (C) Crypt (U) Depths (H) Hell (Z) Zot
Where to? (Tab/Enter - D:1 @ (x,y), ? - help)
There is a stone staircase leading up here.
You fly upwards.
There is a stone staircase leading down here.
There is a stone staircase leading up, spattered with blood here.
You fly upwards.
There is a stone staircase leading down here.
An ice devil comes into view.
There is a stone staircase leading up here.
You fly upwards.
There is a stone staircase leading down here.
(D) Dungeon (T) Temple (L) Lair (S) Swamp (N) Spider Nest (O) Orcish Mines (E) Elven Halls (V) Vaults (C) Crypt (U) Depths (H) Hell (Z) Zot
Where to? (Tab/Enter - D:1 @ (x,y), ? - help)
A Jorphate and a smoke demon come into view.
Really quaff
x - 5 potions of haste {@q4 !q}?
You feel yourself speed up.
Really read
t - 6 scrolls of teleportation {@r3 !r}?
Okay, then.
Blink to where?
Press: ? - help, Dir - move target
As you read the scroll of blinking {@r4}, it crumbles to dust.
Okay, then.
There is a stone staircase leading up here.
You fly upwards.
There is a stone staircase leading down here.
(D) Dungeon (T) Temple (L) Lair (S) Swamp (N) Spider Nest (O) Orcish Mines (E) Elven Halls (V) Vaults (C) Crypt (U) Depths (H) Hell (Z) Zot
Where to? (Tab/Enter - D:1 @ (x,y), ? - help) "Time to have some fun!"
You blast the iron imp!!!
You kill the iron imp!
The iron imp disappears in a puff of smoke!
(D) Dungeon (T) Temple (L) Lair (S) Swamp (N) Spider Nest (O) Orcish Mines (E) Elven Halls (V) Vaults (C) Crypt (U) Depths (H) Hell (Z) Zot
Where to? (Tab/Enter - D:1 @ (x,y), ? - help)
A Tzitzimitl comes into view.
Aiming: Blinkbolt
Press: ? - help, Dir - move target, f - Tzitzimitl
Aim: a Tzitzimitl (92% to hit)
The shock of your passage hits the Tzitzimitl!!
The Tzitzimitl resists.
The Tzitzimitl is moderately wounded.
You blink.
The Tzitzimitl calls on the powers of darkness!
Your body is wracked with pain!
You miss the Tzitzimitl.
The Tzitzimitl is moderately wounded.
You hit the Tzitzimitl.
You punch the Tzitzimitl, but do no damage.
The Tzitzimitl is moderately wounded.
You batter the Tzitzimitl!!
The Tzitzimitl is heavily wounded.
The Tzitzimitl engulfs you. The Tzitzimitl completely misses you.
You blast the Tzitzimitl!!!
You kill the Tzitzimitl!
(D) Dungeon (T) Temple (L) Lair (S) Swamp (N) Spider Nest (O) Orcish Mines (E) Elven Halls (V) Vaults (C) Crypt (U) Depths (H) Hell (Z) Zot
Where to? (Tab/Enter - D:1 @ (x,y), ? - help)
There is an open door here.
Your extra speed is starting to run out.
There is an open door here.
There is a stone staircase leading up here.
You feel energetic enough to blinkbolt again.
You fly upwards.
There is a stone staircase leading down here.
You feel yourself slow down.
A hell beast comes into view.
You can't go up here!
Aiming: Blinkbolt
Press: ? - help, Dir - move target, f - hell beast
Aim: a hell beast (93% to hit)
The shock of your passage hits the hell beast!!!!
You kill the hell beast!
You blink.
(D) Dungeon (T) Temple (L) Lair (S) Swamp (N) Spider Nest (O) Orcish Mines (E) Elven Halls (V) Vaults (C) Crypt (U) Depths (H) Hell (Z) Zot
Where to? (Tab/Enter - D:1 @ (x,y), ? - help) Magic restored.
You feel energetic enough to blinkbolt again.
A cherub comes into view.
It is wielding a +2 scimitar of flaming.
The cherub unwields a +2 scimitar of flaming.
It stops flaming.
The cherub wields a +0 shortbow.
The cherub shoots an arrow.
The arrow misses you.
There is a staircase leading out of the dungeon here.
You have escaped!

#####. ####.....
####......^.
###...........
##A............
##........######
##.....#####
##...#### #v.###
####


You could see a cherub.

Vanquished Creatures
  An ancient lich (Zot:3)
  An orb of fire (Zot:1)
  3 juggernauts (Depths:2)
  Vv (Depths:4)
  Frederick (Vaults:3)
  Bai Suzhen (Vaults:2)
  A shard shrike (Depths:4)
  Saint Roka (Vaults:1)
  7 golden dragons
  2 curse toes
  Arachne (Spider:2)
  Nikola (Vaults:3)
  A Tzitzimitl (D:2)
  Zenata (Vaults:1)
  A Brimstone Fiend (Zot:1)
  11 tentacled monstrosities
  A Hell Sentinel (Abyss:5)
  A rockslime (Vaults:3)
  Rupert (D:12)
  An Ice Fiend (Zot:3)
  A walking divine tome (Depths:3)
  3 Orb Guardians
  A titan (Depths:2)
  4 quicksilver dragons
  3 deep elf blademasters (Elf:3)
  6 deep elf master archers (Elf:3)
  An acid blob (Abyss:5)
  8 sphinxes
  2 Executioners
  3 death cobs
  An ancient champion (Vaults:3)
  Agnes (Elf:1)
  8 shadow dragons
  A tengu reaver (Depths:4)
  3 thorn hunters (Swamp:2)
  15 storm dragons
  A revenant (Vaults:3)
  12 draconian monks
  4 fire giants
  2 iron dragons
  A fenstrider witch (Swamp:3)
  3 draconian knights
  6 deep elf sorcerers
  5 emperor scorpions
  Louise (Depths:3)
  9 frost giants
  4 draconian scorchers
  2 deep elf elementalists (Elf:3)
  A draconian shifter (Zot:1)
  4 orc warlords
  13 vault wardens
  12 ghost moths
  4 draconian stormcallers
  2 spriggan defenders (Depths:2)
  16 ironbound preservers
  An angel (Depths:3)
  A broodmother (shapeshifter) (Depths:4)
  3 draconian annihilators
  A reaper (Depths:4)
  A quicksilver ooze (Lair:5)
  15 stone giants
  2 war gargoyles
  5 deep elf demonologists
  7 eleionomae
  2 formless jellyfish (Vaults:4)
  5 ironbound thunderhulks
  2 vampire knights (Depths:2)
  28 very ugly things
  5 white draconians
  10 yellow draconians
  4 deep elf annihilators
  2 green draconians
  The ghost of dertzug the Brawler, a journeyman DrSh of Cheibriados (Lair:4)
  5 bunyips
  A minotaur (Lair:5)
  2 lorocyprocas
  14 dire elephants
  4 purple draconians
  11 black draconians
  5 red draconians
  8 spark wasps
  The ghost of GordonOverkill the Zephyrmancer, a journeyman TeDe of Gozag (Lair:3)
  13 ettins
  4 deep elf death magi
  A merfolk javelineer (Depths:2)
  Josephine (D:15)
  3 deep elf high priests
  13 fire dragons
  3 entropy weavers
  5 crystal guardians
  A merfolk impaler (Depths:2)
  3 great orbs of eyes
  17 hydras
  12 ice dragons
  9 vault guards
  14 yaktaur captains
  7 peacekeepers
  3 ghost crabs
  4 rakshasas
  A hell beast (D:1)
  5 spriggan air magi
  2 alligators
  An ogre mage (Orc:1)
  2 catoblepae
  10 ironbound frosthearts
  A sphinx zombie (D:15)
  A death knight (Vaults:3)
  15 dancing weapons
  2 radroaches
  A boulder beetle (Spider:2)
  18 death yaks
  9 centaur warriors
  7 deep troll shamans
  A hell hog (Abyss:5)
  3 tengu warriors
  9 spriggan berserkers
  2 thrashing horrors (Abyss:5)
  16 hell knights
  3 deep troll earth magi
  Sonja (Orc:1)
  A sun demon (D:11)
  A vampire mage (Depths:1)
  A demonic crawler (Spider:1)
  16 spriggans
  Nergalle (D:10)
  15 deep elf knights
  2 skysharks (Lair:5)
  Amaemon (D:8)
  2 sixfirhies
  5 skeletal warriors (D:15)
  5 wretched stars (Abyss:5)
  5 iron trolls
  4 pharaoh ants
  6 large abominations
  12 arcanists
  5 spriggan druids
  35 deep trolls
  8 goliath frogs
  A golden dragon zombie (Abyss:5)
  A deep troll (shapeshifter) (Depths:1)
  A goliath frog (shapeshifter) (Depths:2)
  2 flayed ghosts (Depths:2)
  9 orb spiders
  2 sun moths
  A death drake (Swamp:3)
  11 swamp dragons
  3 glowing orange brains
  5 lindwurms
  An occultist (Depths:2)
  16 deep elf archers
  12 ironbound convokers
  6 necromancers
  10 bog bodies
  16 orc knights
  23 deep elf zephyrmancers
  5 harpies (Vaults:2)
  18 wolf spiders
  A wolf spider zombie (D:15)
  2 steelbarb worms
  22 deep elf pyromancers
  The ghost of Bnni the Digger, a novice FoEE (D:6)
  2 orc sorcerers
  4 oklob plants
  49 ugly things
  25 moths of wrath
  4 manticores
  5 cyclopes
  9 centaur zombies (D:15)
  2 will-o-the-wisps
  A shining eye (D:15)
  A human skeleton (Vaults:4)
  21 vault sentinels
  7 black mambas
  13 elephants
  2 molten gargoyles (Lair:5)
  Maurice (D:13)
  A guardian serpent (shapeshifter) (D:15)
  A titan simulacrum (Vaults:4)
  2 gargoyles
  2 ice statues (Spider:2)
  13 cane toads
  An unseen horror (D:12)
  9 torpor snails
  An orange demon (D:8)
  A yaktaur zombie (Vaults:4)
  Psyche (D:8)
  9 komodo dragons
  3 rime drakes
  A redback zombie (D:15)
  38 yaktaurs
  2 tengu conjurers
  A komodo dragon (shapeshifter) (Spider:4)
  An ice devil (D:9)
  A harpy zombie (D:15)
  2 human zombies (Vaults:4)
  An ancient zyme (Abyss:5)
  5 polar bears
  5 trolls
  9 tyrant leeches
  17 hornets
  A meliai (shapeshifter) (D:6)
  A wolf spider simulacrum (D:15)
  22 tarantellas
  11 meliai
  2 blink frogs (Lair:1)
  A queen bee (Abyss:5)
  4 raiju
  Prince Ribbit (Lair:1)
  A fire giant simulacrum (Vaults:4)
  28 slime creatures
  A stone giant simulacrum (Vaults:4)
  An ettin zombie (Vaults:4)
  5 flying skulls (Abyss:5)
  3 shadows
  21 jumping spiders
  12 water elementals
  5 air elementals
  75 yaks
  22 culicivoras
  10 wyverns
  An ettin skeleton (Vaults:4)
  7 wraiths
  4 fire elementals
  10 basilisks
  7 humans (D:13)
  23 vampire mosquitoes
  5 starcursed masses
  2 steam dragons (Lair:5)
  57 redbacks
  A neqoxec (Zot:1)
  A redback simulacrum (D:15)
  A glowing shapeshifter zombie (Vaults:4)
  Grum (D:8)
  8 wargs
  An acid dragon (D:11)
  10 swamp worms
  A human simulacrum (Vaults:4)
  11 water moccasins
  4 hell hounds (Lair:5)
  8 swamp drakes
  5 ice beasts
  A floating eye (Depths:4)
  A glowing shapeshifter skeleton (Vaults:4)
  A sky beast (D:8)
  4 black bears
  41 orc warriors
  15 wolves
  2 hornet zombies (D:15)
  6 ogres (Orc:1)
  6 boggarts
  18 centaurs
  A phantom (D:5)
  2 small abominations (Abyss:5)
  4 kobold brigands
  14 bullfrogs
  A gnoll sergeant (D:6)
  3 scorpions
  5 earth elementals
  8 wights (D:9)
  12 killer bees
  7 electric eels
  3 howler monkeys
  4 lava snakes (Lair:5)
  10 orc priests
  A gnoll bouda (D:6)
  6 hounds
  A jelly (D:6)
  A sleepcap (D:7)
  20 orc wizards
  An iguana (D:6)
  6 hell rats (Lair:5)
  A mummy (Ossuary)
  7 adders
  16 gnolls
  4 shadow imps
  4 ufetubi (D:6)
  A worm (D:2)
  2 dart slugs (D:4)
  94 orcs
  6 endoplasms
  2 giant cockroaches (D:4)
  2 goblins
  3 hobgoblins (D:1)
  11 jackals
  3 quokkas
  2 ball pythons (D:1)
  A bat (D:2)
  2 frilled lizards
  4 gnoll skeletons (Ossuary)
  23 kobolds
  8 kobold skeletons (Ossuary)
  13 orc skeletons (Ossuary)
  A rat (D:1)
  2 butterflies (Lair:2)
1950 creatures vanquished.

Vanquished Creatures (collateral kills)
  the Lernaean hydra (Swamp:4)
  A tentacled monstrosity (Depths:2)
  A tengu reaver (Depths:2)
  A ghost moth (Spider:4)
  A bunyip (Swamp:1)
  A green draconian (Zot:1)
  An ettin (Depths:2)
  A hydra (Swamp:4)
  A demonic crawler (Spider:1)
  A skyshark (Lair:4)
  A goliath frog (Swamp:1)
  A swamp dragon (Swamp:4)
  2 bog bodies (Swamp:4)
  A spriggan druid (Swamp:1)
  2 orb spiders (Spider:1)
  A deep elf zephyrmancer (Elf:1)
  2 wolf spiders (Spider:1)
  An elephant (Lair:1)
  A rime drake (Lair:1)
  A hornet (Swamp:1)
  A troll (Vaults:1)
  2 tarantellas
  A jumping spider (Spider:1)
  A spriggan (Swamp:1)
  A wyvern (Lair:3)
  A swamp drake (Swamp:1)
  2 orc warriors
  A scorpion (D:5)
  An electric eel (Spider:4)
  4 orc priests
  Ijyb (D:5)
  2 orc wizards
  An adder (D:6)
  4 orcs
  A jackal (D:5)
47 creatures vanquished.

Vanquished Creatures (others)
  A draconian monk (Zot:3)
  A stone giant (Depths:1)
  Nessos (D:15)
  A bunyip (Swamp:3)
  A great orb of eyes (Vaults:1)
  3 dancing weapons
  A hell knight (Depths:4)
  A deep troll (Vaults:2)
  A swamp dragon (Swamp:1)
  An ironbound convoker (Vaults:3)
  A will-o-the-wisp (Swamp:3)
  2 yaktaurs (Vaults:3)
  4 bloated husks
  A hornet (Swamp:1)
  2 vampire mosquitoes (Swamp:4)
  A swamp worm (Swamp:3)
  A water moccasin (Lair:5)
  2 swamp drakes (Swamp:1)
  A killer bee (D:7)
  An orc wizard (Vaults:1)
  13 foxfires
41 creatures vanquished.

Grand Total: 2038 creatures vanquished

Notes
Turn   | Place    | Note
-------+----------+-------------------------------------------
     0 | D:1      | EnegeticOcto the Felid Chaos Knight began the quest for the
                  | Orb.
     0 | D:1      | Reached XP level 1. HP: 10/10 MP: 2/2
   104 | D:1      | Found a faded altar of an unknown god.
   160 | D:1      | Reached skill level 1 in Stealth
   205 | D:1      | Reached skill level 2 in Stealth
   300 | D:1      | Reached XP level 2. HP: 8/14 MP: 3/3
   368 | D:1      | XOM: enchant monster (bad)
   383 | D:1      | Reached skill level 3 in Stealth
   778 | D:2      | XOM is BORED!
   778 | D:2      | XOM: 8-stop teleportation journey
   789 | D:2      | Reached XP level 3. HP: 17/17 MP: 4/4
   797 | D:2      | XOM: 1-stop teleportation journey
   866 | D:2      | XOM: 3-stop teleportation journey
   870 | D:2      | XOM: silly message
   960 | D:2      | Reached skill level 4 in Dodging
  1251 | D:2      | Reached XP level 4. HP: 21/21 MP: 5/5
  1460 | D:2      | Learned a level 3 spell: Teleport Other
  1544 | D:2      | XOM: butterfly on damage
  1547 | D:2      | XOM: butterfly on damage
  1603 | D:2      | XOM: silly message
  1782 | D:3      | XOM: scenery: 1 doors open
  1853 | D:3      | HP: 1/21 [gnoll/+0 spear (2)]
  1853 | D:3      | XOM: smoke on damage
  1855 | D:3      | Reached skill level 1 in Translocations
  1855 | D:3      | XOM: give mutations
  1855 | D:3      | Gained mutation: You have a pair of small horns on your
                  | head. [Xom's mischief]
  1855 | D:3      | Gained mutation: You are robust. (+10% HP) [Xom's mischief]
  1996 | D:3      | Reached skill level 4 in Unarmed Combat
  2071 | D:3      | XOM: give mutation
  2071 | D:3      | Gained mutation: You are very robust. (+20% HP) [Xom's
                  | grace]
  2373 | D:4      | Reached skill level 5 in Dodging
  2373 | D:4      | Reached skill level 2 in Translocations
  2373 | D:4      | Reached XP level 5. HP: 24/28 MP: 6/6
  2581 | D:4      | Found a sand-covered staircase.
  2601 | Ossuary  | Entered an ossuary
  2601 | Ossuary  | Noticed a wraith
  2601 | Ossuary  | Noticed a wraith
  2601 | Ossuary  | Noticed a wraith
  2813 | Ossuary  | Noticed a wraith
  2852 | Ossuary  | XOM: confuse monster(s)
  3121 | D:4      | XOM: divination: detect creatures
  3296 | D:4      | XOM: scenery: summon butterflies
  3322 | D:4      | You fall into a shaft and drop 3 floors!
  3326 | D:7      | Noticed a water moccasin
  3403 | D:6      | Reached skill level 3 in Translocations
  3475 | D:7      | Gained mutation: You are covered in thick fur. (AC +2)
                  | [Felid growth]
  3475 | D:7      | Reached XP level 6. HP: 22/33 MP: 7/7
  3609 | D:6      | Noticed a yak
  3609 | D:6      | Noticed a yak
  3610 | D:6      | Noticed a yak
  3615 | D:6      | XOM: summons 6 friendly demons
  3630 | D:6      | Killed a yak
  3631 | D:6      | Reached skill level 4 in Fighting
  3631 | D:6      | Reached skill level 5 in Unarmed Combat
  3631 | D:6      | Reached skill level 5 in Translocations
  3819 | D:7      | Reached XP level 7. HP: 29/39 MP: 8/8
  3843 | D:7      | XOM: cloud trail
  3950 | D:7      | Slain by a centaur
  3964 | D:7      | Reached skill level 6 in Translocations
  4014 | D:6      | Found a glowing golden altar of the Shining One.
  4014 | D:6      | XOM: 4-stop teleportation journey
  4017 | D:6      | XOM: polymorph gnoll -> orc
  4067 | D:5      | Entered Level 5 of the Dungeon
  4067 | D:5      | Noticed Ijyb
  4069 | D:5      | XOM: enchant monster (good)
  4145 | D:5      | XOM: butterfly on damage
  4147 | D:5      | XOM: summons friendly quasit
  4478 | D:5      | Reached skill level 5 in Fighting
  4632 | D:5      | Found a broken altar of Ashenzari.
  4632 | D:5      | Found an ornate altar of the Wu Jian Council.
  4632 | D:5      | Found a hide-covered altar of Uskayaw.
  4632 | D:5      | XOM: 3-stop teleportation journey
  4849 | D:5      | XOM: noise
  4856 | D:5      | XOM: cleaving
  4862 | D:5      | XOM: 1-stop teleportation journey
  4870 | D:5      | Shot with an arrow by a centaur
  4976 | D:5      | Found a basalt altar of Yredelemnul.
  4983 | D:5      | Found an ancient bone altar of Kikubaaqudgha.
  4983 | D:5      | Found a shimmering blue altar of Sif Muna.
  5125 | D:5      | XOM: noise
  5130 | D:5      | Reached skill level 7 in Translocations
  5140 | D:5      | XOM: summons 7 friendly demons
  5145 | D:5      | Reached skill level 6 in Dodging
  5145 | D:5      | Reached XP level 8. HP: 34/44 MP: 6/9
  5474 | D:4      | XOM: silly message
  5692 | D:5      | XOM: enchant monster (good)
  5703 | D:5      | Killed Ijyb
  5730 | D:5      | XOM: polymorph iguana -> boggart
  5742 | D:4      | Reached skill level 6 in Unarmed Combat
  5742 | D:4      | Reached skill level 1 in Evocations
  5881 | D:5      | Found a staircase to the Ecumenical Temple.
  5976 | D:6      | Found a runed translucent gate.
  5976 | D:6      | Found a runed translucent gate.
  5976 | D:6      | Found a runed translucent gate.
  5976 | D:6      | Noticed Bnni's ghost (novice FoEE)
  6009 | D:6      | Found Peso's Antique Armour Emporium.
  6278 | D:6      | XOM: enchant monster (good)
  6286 | D:6      | XOM: confuse monster(s)
  6294 | D:6      | XOM: noise
  6297 | D:6      | XOM: enchant monster (good)
  6300 | D:6      | XOM: cast spell 'Chain of Chaos'
  6301 | D:6      | Reached skill level 7 in Dodging
  6301 | D:6      | Reached skill level 2 in Evocations
  6304 | D:6      | XOM: summons friendly shadow imp
  6307 | D:6      | XOM: summons friendly quasit
  6325 | D:5      | XOM: enchant monster (good)
  6337 | D:5      | XOM: potion effect (might)
  6338 | D:5      | XOM: enchant monster (good)
  6344 | D:5      | Reached skill level 3 in Evocations
  6365 | D:5      | XOM: divination: detect items
  6392 | D:5      | Reached skill level 8 in Dodging
  6392 | D:5      | Reached skill level 7 in Unarmed Combat
  6405 | D:6      | Reached skill level 4 in Evocations
  6408 | D:6      | Reached XP level 9. HP: 33/48 MP: 10/10
  6615 | D:6      | XOM: scenery: summon butterflies
  6909 | D:5      | XOM: polymorph gnoll -> adder
  7273 | D:5      | XOM: confuse monster(s)
  7283 | D:5      | Reached skill level 9 in Dodging
  7294 | D:5      | Identified the +0 leather armour of the Stone Wall {rN+++
                  | Will+++ MP+9 Int-3}
  7568 | D:3      | XOM: noise
  7582 | D:3      | XOM: smoke on damage
  7677 | D:2      | XOM: silly message
  7935 | D:6      | Reached skill level 8 in Unarmed Combat
  8108 | D:7      | XOM: noise
  8149 | D:7      | Found a sacrificial altar of Ru.
  8202 | D:7      | XOM: divination: detect creatures
  8206 | D:7      | XOM: potion effect (attraction)
  8291 | D:7      | XOM: enchant monster (good)
  8378 | D:7      | XOM: confuse monster(s)
  8411 | D:7      | XOM: noise
  8429 | D:7      | Noticed Maggie
  8436 | D:7      | XOM: summons friendly crimson imp
  8472 | D:7      | XOM: 4-stop teleportation journey
  8535 | D:7      | Reached skill level 4 in Stealth
  8656 | D:7      | XOM: give mutations
  8656 | D:7      | Gained mutation: You have hidden genetic potential. [Xom's
                  | grace]
  8656 | D:7      | Lost mutation: You have hidden genetic potential. [Xom's
                  | grace]
  8656 | D:7      | Gained mutation: You are somewhat resistant to further
                  | mutation. [Xom's grace]
  8668 | D:7      | Reached skill level 9 in Unarmed Combat
  9168 | D:6      | Found Peso's Antique Armour Emporium.
  9229 | D:7      | Maggie changed into Maggie the jackal
  9229 | D:7      | Noticed Maggie
  9229 | D:7      | XOM: polymorph Maggie -> Maggie the jackal
  9241 | D:7      | Killed Maggie the jackal
  9280 | D:7      | Found a burning altar of Makhleb.
  9284 | D:7      | Noticed a blizzard demon
  9285 | D:7      | Found a glowing silver altar of Zin.
  9286 | D:7      | Noticed an angel
  9357 | D:6      | XOM: polymorph yak -> shapeshifter
  9357 | D:6      | a shapeshifter changed into a black mamba
  9357 | D:6      | Noticed a black mamba (shapeshifter)
  9359 | D:6      | XOM: butterfly on damage
  9500 | D:6      | Noticed a guardian serpent
  9607 | D:7      | XOM: give mutation
  9607 | D:7      | Gained mutation: You expend magic power (3 MP) to
                  | strengthen your wands. [Xom's grace]
  9852 | D:7      | XOM: summons 2 hostile demons
  9853 | D:7      | Noticed a sixfirhy
  9867 | D:7      | XOM: stat loss: -1 Dex (21/25)
  9871 | D:7      | Reached skill level 5 in Stealth
  9880 | D:7      | XOM: summons 2 hostile shadow creatures
  9889 | D:7      | Slain by a yak
  9926 | D:7      | XOM: give mutations
  9926 | D:7      | Gained mutation: Potions are less effective at restoring
                  | your health. [Xom's mischief]
  9926 | D:7      | Lost mutation: Potions are less effective at restoring your
                  | health. [Xom's mischief]
  9926 | D:7      | Lost mutation: You are somewhat resistant to further
                  | mutation. [Xom's mischief]
  9926 | D:7      | Gained mutation: You have hidden genetic potential. [Xom's
                  | mischief]
 10029 | D:8      | XOM: give mutations
 10029 | D:8      | Gained mutation: Your mind is acute. (Int +4, Str/Dex -1)
                  | [Xom's grace]
 10029 | D:8      | Gained mutation: Your mind is very acute. (Int +8, Str/Dex
                  | -2) [Xom's grace]
 10029 | D:8      | Gained mutation: You are partially covered in iridescent
                  | scales. (AC +2) [Xom's grace]
 10029 | D:8      | Gained mutation: You possess an exceptional clarity of
                  | mind. [Xom's grace]
 10121 | D:8      | Reached skill level 6 in Fighting
 10135 | D:8      | Learned a level 5 spell: Summon Forest
 10149 | D:8      | XOM: cleaving
 10273 | D:8      | XOM: fog
 10276 | D:8      | XOM: scenery: summon butterflies
 10279 | D:8      | XOM: polymorph wolf -> scorpion
 10286 | D:8      | Reached XP level 10. HP: 35/54 MP: 11/11
 10375 | D:8      | Noticed Grum
 10382 | D:8      | Noticed Amaemon
 10382 | D:8      | Noticed an orange demon
 10382 | D:8      | XOM: 3-stop teleportation journey
 10494 | D:8      | Killed Grum
 10499 | D:8      | Reached skill level 1 in Spellcasting
 10499 | D:8      | Reached skill level 1 in Summonings
 10549 | D:8      | Found Saeran's One-of-a-Kind Rings.
 10571 | D:8      | XOM: swap monsters
 10577 | D:8      | Killed Amaemon
 10578 | D:8      | Reached skill level 6 in Stealth
 10587 | D:8      | Killed an orange demon
 10730 | D:8      | Reached skill level 2 in Summonings
 10866 | D:8      | Reached skill level 2 in Spellcasting
 10866 | D:8      | Reached skill level 8 in Translocations
 10966 | D:8      | Noticed Psyche
 10989 | D:8      | Found Dyni's General Store.
 11117 | D:8      | Killed Psyche
 11118 | D:8      | Reached skill level 1 in Shapeshifting
 11120 | D:8      | Gained mutation: You are resistant to electric shocks.
                  | (rElec) [hidden potential]
 11310 | D:9      | XOM: stat loss: -1 Str (5/6)
 11558 | D:9      | Reached skill level 2 in Shapeshifting
 11615 | D:9      | XOM: god gift: scroll of amnesia
 11628 | D:9      | Reached skill level 7 in Fighting
 11646 | D:9      | Learned a level 3 spell: Gell's Gravitas
 11716 | D:9      | Reached skill level 10 in Unarmed Combat
 11917 | D:9      | Reached skill level 3 in Shapeshifting
 11951 | D:9      | XOM: potion effect (berserk rage)
 11954 | D:9      | XOM: confuse monster(s)
 11955 | D:9      | XOM: cast spell 'Summon Dragon'
 11957 | D:9      | Reached skill level 4 in Shapeshifting
 12039 | D:9      | XOM: polymorph fire dragon -> slime creature
 12270 | D:9      | Reached XP level 11. HP: 60/60 MP: 0/15
 12622 | D:10     | Entered Level 10 of the Dungeon
 12779 | D:10     | Found a transporter.
 12804 | D:10     | Reached skill level 5 in Shapeshifting
 12808 | D:10     | Reached skill level 11 in Unarmed Combat
 12927 | D:10     | Found a transporter.
 12946 | D:10     | Found a transporter.
 13131 | D:10     | Found Olewu's Armour Emporium.
 13172 | D:10     | Noticed Nergalle
 13335 | D:10     | Found a transporter.
 13423 | D:11     | XOM: silly message
 13529 | D:11     | Reached skill level 6 in Shapeshifting
 13535 | D:11     | Gained mutation: You are strong-willed. (Will+) [hidden
                  | potential]
 13535 | D:11     | Lost mutation: You have hidden genetic potential. [hidden
                  | potential expressed]
 13622 | D:11     | XOM: potion effect (curing)
 13628 | D:11     | Reached skill level 7 in Shapeshifting
 13673 | D:11     | XOM: silly message
 13784 | D:11     | XOM: noise
 13786 | D:11     | XOM: 1-stop teleportation journey
 13850 | D:10     | XOM: stat loss: -1 Int (21/22)
 13876 | D:11     | XOM: torment (31/60 hp)
 14022 | D:11     | XOM: 1-stop teleportation journey
 14025 | D:11     | Found a staircase to the Lair.
 14025 | D:11     | XOM: enchant monster (bad)
 14036 | D:11     | XOM: torment (27/60 hp)
 14247 | D:11     | XOM: blink monster(s)
 14248 | D:11     | XOM: enchant monster (bad)
 14266 | D:11     | XOM: enchant monster (good)
 14273 | D:11     | Reached skill level 8 in Shapeshifting
 14275 | D:11     | XOM: enchant monster (good)
 14402 | D:10     | XOM: cloud trail
 14595 | D:8      | Bought a +5 ring of protection for 715 gold pieces
 14683 | D:11     | Reached skill level 9 in Shapeshifting
 14737 | D:11     | XOM: 10-stop teleportation journey
 14834 | D:11     | XOM is BORED!
 14834 | D:11     | XOM: noise
 14925 | Lair:1   | Entered Level 1 of the Lair of Beasts
 15037 | Lair:1   | XOM: 1-stop teleportation journey
 15048 | Lair:1   | Noticed a catoblepas
 15146 | Lair:1   | Reached skill level 10 in Shapeshifting
 15152 | Lair:1   | Found a runed translucent door.
 15152 | Lair:1   | XOM: 3-stop teleportation journey
 15555 | D:11     | XOM: summons 1 hostile demon
 15658 | D:11     | XOM: give mutation
 15658 | D:11     | Lost mutation: You are resistant to electric shocks.
                  | (rElec) [Xom's mischief]
 15667 | D:11     | XOM: butterfly on damage
 15668 | D:11     | XOM: butterfly on damage
 15685 | D:11     | XOM: divination: magic mapping
 15860 | D:11     | XOM: give mutations
 15860 | D:11     | Lost mutation: You possess an exceptional clarity of mind.
                  | [Xom's mischief]
 15860 | D:11     | Lost mutation: You expend magic power (3 MP) to strengthen
                  | your wands. [Xom's mischief]
 15860 | D:11     | Gained mutation: You are mostly covered in iridescent
                  | scales. (AC +4) [Xom's mischief]
 16019 | Lair:1   | Noticed Prince Ribbit
 16027 | Lair:1   | Gained mutation: Your thick and shaggy fur keeps you warm.
                  | (AC +3, rC+) [Felid growth]
 16027 | Lair:1   | Reached XP level 12. HP: 64/64 MP: 16/16
 16032 | Lair:1   | Killed Prince Ribbit
 16036 | Lair:1   | Reached skill level 11 in Shapeshifting
 16132 | Lair:1   | XOM: noise
 16252 | Lair:1   | XOM: 9-stop teleportation journey
 16345 | Lair:1   | Killed a catoblepas
 16364 | Lair:1   | XOM: stat loss: -1 Int (21/22)
 16540 | Lair:1   | Noticed a dire elephant
 16700 | Lair:2   | XOM: noise
 16724 | Lair:2   | Reached skill level 12 in Shapeshifting
 17010 | Lair:1   | XOM: cloud trail
 17134 | Lair:2   | XOM: cloud trail
 17245 | Lair:2   | XOM: summons 2 friendly demons
 17247 | Lair:2   | XOM: enchant monster (bad)
 17265 | Lair:2   | XOM: silly message
 17355 | Lair:2   | XOM: scenery: create altars
 17369 | Lair:2   | Reached skill level 13 in Shapeshifting
 17421 | Lair:2   | XOM: cloud trail
 17509 | Lair:2   | Found a hole to the Spider Nest.
 17877 | Lair:3   | Paralysed by a hornet for 1 turns
 17993 | Lair:3   | Found a runed translucent door.
 18014 | Lair:3   | Noticed GordonOverkill's ghost (journeyman TeDe)
 18070 | Lair:3   | XOM: summons friendly ufetubus
 18162 | Lair:3   | XOM: god gift: scroll of immolation
 18210 | Lair:3   | XOM: cleaving
 18223 | Lair:3   | Reached skill level 14 in Shapeshifting
 18235 | Lair:3   | Noticed an eight-headed hydra
 18257 | Lair:3   | Killed an eight-headed hydra
 18365 | Lair:3   | Found a staircase to the Swamp.
 18365 | Lair:3   | Noticed an eleionoma
 18377 | Lair:3   | Killed an eleionoma
 18611 | Lair:3   | XOM: god gift: pearl ring {god gift}
 18666 | Lair:3   | Reached XP level 13. HP: 68/68 MP: 17/17
 18716 | Lair:3   | Killed GordonOverkill's ghost
 18717 | Lair:3   | Reached skill level 15 in Shapeshifting
 18873 | Lair:2   | XOM: give mutation
 18873 | Lair:2   | Gained mutation: You are completely covered in iridescent
                  | scales. (AC +6) [Xom's grace]
 18899 | Lair:1   | XOM: summons 2 friendly demons
 18927 | Lair:1   | Noticed a dire elephant
 18939 | Lair:1   | XOM: summons 13 friendly demons
 18942 | Lair:1   | Killed a dire elephant
 19030 | Lair:1   | a dire elephant changed into a fire giant
 19030 | Lair:1   | Noticed a fire giant
 19030 | Lair:1   | XOM: polymorph dire elephant -> fire giant
 19041 | Lair:1   | Killed a fire giant
 19208 | Lair:1   | Identified the +2 plate armour of Autotheism {Harm Int+6}
 19211 | Lair:1   | Identified the +6 flail "Feank" {freeze, rElec rPois Str-4
                  | Int+4}
 19365 | D:6      | XOM: summons 6 friendly demons
 19383 | D:6      | Found a runed translucent gate.
 19383 | D:6      | Found a runed translucent gate.
 19383 | D:6      | Found a runed translucent gate.
 19396 | D:6      | Killed Bnni's ghost
 19453 | D:8      | XOM: give mutations
 19453 | D:8      | Gained mutation: Your natural rate of healing is unusually
                  | fast. [Xom's grace]
 19453 | D:8      | Gained mutation: You possess an exceptional clarity of
                  | mind. [Xom's grace]
 19453 | D:8      | Gained mutation: You have hidden genetic potential. [Xom's
                  | grace]
 19453 | D:8      | Gained mutation: Your muscles are strong. (Str +4, Int/Dex
                  | -1) [Xom's grace]
 19630 | D:10     | XOM: give mutation
 19630 | D:10     | Gained mutation: You are agile. (Dex +4, Str/Int -1) [Xom's
                  | grace]
 19718 | D:10     | Killed Nergalle
 20013 | Lair:4   | Reached skill level 10 in Dodging
 20023 | Lair:4   | XOM: summons 5 friendly demons
 20052 | Lair:4   | Reached skill level 8 in Fighting
 20055 | Lair:4   | XOM: stat loss: -1 Int (19/20)
 20060 | Lair:4   | XOM: blink monster(s)
 20061 | Lair:4   | XOM: scenery: create altars
 20062 | Lair:4   | XOM: enchant monster (bad)
 20063 | Lair:4   | XOM: summons friendly shadow imp
 20150 | Lair:4   | XOM: summons 2 friendly demons
 20151 | Lair:4   | XOM: blink monster(s)
 20160 | Lair:4   | XOM: summons friendly crimson imp
 20163 | Lair:4   | XOM: polymorph iron imp -> white imp
 20183 | Lair:4   | Found a bloodstained altar of Trog.
 20220 | Lair:4   | XOM: swap monsters
 20233 | Lair:4   | Reached skill level 11 in Dodging
 20233 | Lair:4   | Reached skill level 12 in Unarmed Combat
 20301 | Lair:4   | Found a runed translucent gate.
 20301 | Lair:4   | Found a runed translucent gate.
 20301 | Lair:4   | Found a runed translucent gate.
 20323 | Lair:4   | You fall into a shaft and drop 1 floor!
 20323 | Lair:5   | Entered Level 5 of the Lair of Beasts
 20332 | Lair:5   | Identified the staff "Hellitel" {+Blink rC+ Dex+3 Ice} (Xom
                  | gifted it to you on level 5 of the Lair of Beasts)
 20332 | Lair:5   | XOM: god gift: staff "Hellitel" {+Blink rC+ Dex+3 Ice}
 20340 | Lair:5   | XOM: enchant monster (good)
 20343 | Lair:5   | Reached skill level 9 in Fighting
 20351 | Lair:5   | XOM: enchant monster (good)
 20789 | Lair:4   | Noticed dertzug's ghost (journeyman DrSh)
 20807 | Lair:4   | Killed dertzug's ghost
 20896 | Lair:5   | Reached skill level 12 in Dodging
 20920 | Lair:5   | XOM: divination: magic mapping
 20931 | Lair:5   | Reached XP level 14. HP: 73/76 MP: 18/18
 21064 | Lair:5   | XOM: cast spell 'Summon Small Mammal'
 21210 | Lair:5   | Gained mutation: Your flesh is cold resistant. (rC+)
                  | [hidden potential]
 21263 | Lair:5   | XOM: divination: detect items
 21312 | Lair:5   | Reached skill level 10 in Fighting
 21353 | Lair:5   | Found a large runed translucent door.
 21353 | Lair:5   | Found a large runed translucent door.
 21367 | Lair:5   | Reached skill level 13 in Unarmed Combat
 21371 | Lair:5   | XOM: cast spell 'Dispersal'
 21455 | Lair:5   | XOM: god gift: scroll of enchant armour
 21489 | Lair:5   | Reached skill level 13 in Dodging
 21502 | Lair:5   | XOM: polymorph death yak -> minotaur
 21663 | Lair:5   | XOM: cast spell 'Discord'
 21682 | Lair:5   | XOM: noise
 21700 | Lair:5   | Reached skill level 14 in Dodging
 21999 | Lair:5   | XOM: scenery: 2 doors open
 22010 | Lair:5   | a fire dragon changed into a quicksilver ooze
 22010 | Lair:5   | Noticed a quicksilver ooze
 22010 | Lair:5   | XOM: polymorph fire dragon -> quicksilver ooze
 22014 | Lair:5   | XOM: blink monster(s)
 22016 | Lair:5   | Killed a quicksilver ooze
 22095 | Lair:5   | XOM: give mutations
 22095 | Lair:5   | Lost mutation: Your muscles are strong. (Str +4, Int/Dex
                  | -1) [Xom's mischief]
 22095 | Lair:5   | Lost mutation: You possess an exceptional clarity of mind.
                  | [Xom's mischief]
 22095 | Lair:5   | Lost mutation: You have hidden genetic potential. [Xom's
                  | mischief]
 22095 | Lair:5   | Lost mutation: Your natural rate of healing is unusually
                  | fast. [Xom's mischief]
 22242 | Lair:2   | XOM: 4-stop teleportation journey
 22321 | D:12     | Reached skill level 14 in Unarmed Combat
 22391 | D:12     | Noticed Rupert
 22393 | D:12     | XOM: enchant monster (good)
 22399 | D:12     | XOM: cast spell 'Disjunction'
 22409 | D:12     | Killed Rupert
 22514 | D:12     | Learned a level 4 spell: Vhi's Electric Charge
 22746 | D:12     | Found a staircase to the Orcish Mines.
 22761 | D:12     | XOM: enchant monster (bad)
 22788 | D:12     | XOM: cast spell 'Call Canine Familiar'
 22870 | D:12     | XOM: silly message
 22886 | D:12     | XOM: god gift: 6 stones
 22889 | Orc:1    | Entered Level 1 of the Orcish Mines
 22891 | Orc:1    | Reached skill level 1 in Air Magic
 22913 | Orc:1    | Found Qutan's Weapon Shop.
 23111 | Orc:1    | Noticed Sonja
 23121 | Orc:1    | Killed Sonja
 23368 | Orc:2    | Entered Level 2 of the Orcish Mines
 23382 | Orc:2    | Reached skill level 15 in Dodging
 23495 | Orc:2    | Reached skill level 2 in Air Magic
 23504 | Orc:2    | XOM: confuse monster(s)
 23526 | Orc:2    | Reached skill level 9 in Translocations
 23536 | Orc:2    | XOM: divination: detect items
 23651 | Orc:2    | Found Xollutwe's Armour Emporium.
 23659 | Orc:2    | XOM: enchant monster (good)
 23672 | Orc:2    | Found Dufuj's Antique Armour Shop.
 23672 | Orc:2    | XOM: divination: detect items
 23692 | Orc:2    | Reached XP level 15. HP: 81/82 MP: 19/19
 23933 | Orc:2    | XOM: summons 3 hostile shadow creatures
 23943 | Orc:2    | XOM: blink monster(s)
 24172 | Orc:2    | XOM: silly message
 24202 | Orc:2    | XOM: blink monster(s)
 24211 | Orc:2    | Reached skill level 3 in Air Magic
 24241 | Orc:2    | Found Aqoc's Armour Emporium.
 24241 | Orc:2    | Found Sogoh's Jewellery Shop.
 24255 | Orc:2    | Bought an amulet of regeneration for 420 gold pieces
 24349 | Orc:2    | Found a staircase to the Elven Halls.
 24414 | Orc:2    | XOM: summons 8 hostile demons
 24631 | Orc:2    | XOM: silly message
 24910 | Orc:2    | Bought the ring "Voulush" {rF+ rC+ EV+5 Str+3} for 886 gold
                  | pieces
 25096 | D:13     | XOM: cloud trail
 25138 | D:13     | XOM: polymorph six-headed hydra -> ice dragon
 25166 | D:13     | XOM: 1-stop teleportation journey
 25168 | D:13     | XOM: summons 6 hostile demons
 25170 | D:13     | XOM: confusion
 25206 | D:13     | Reached skill level 10 in Translocations
 25276 | D:13     | XOM: enchant monster (bad)
 25281 | D:13     | XOM: swap monsters
 25290 | D:13     | XOM: noise
 25404 | D:13     | Noticed Maurice
 25416 | D:13     | XOM: divination: detect creatures
 25434 | D:13     | Reached skill level 4 in Air Magic
 25442 | D:13     | XOM: potion effect (haste)
 25455 | D:13     | Killed Maurice
 25467 | D:13     | Found a gate to the Vaults.
 25741 | D:14     | XOM: noise
 25763 | D:14     | XOM: silly message
 25825 | D:14     | Reached skill level 15 in Unarmed Combat
 25869 | D:14     | XOM: silly message
 26259 | D:14     | XOM: noise
 26429 | D:15     | Entered Level 15 of the Dungeon
 26454 | D:15     | XOM: cast spell 'Alistair's Intoxication'
 26457 | D:15     | XOM: polymorph green ugly thing -> purple ugly thing
 26493 | D:15     | Noticed Josephine
 26531 | D:15     | Killed Josephine
 26564 | D:15     | XOM: cleaving
 26565 | D:15     | XOM: polymorph cyan ugly thing -> brown ugly thing
 26568 | D:15     | Reached skill level 16 in Shapeshifting
 26638 | D:15     | Noticed Nessos
 26643 | D:15     | XOM: smoke on damage
 26645 | D:15     | Your ally Nessos died
 26656 | D:15     | XOM: polymorph yaktaur -> shining eye
 26840 | D:15     | XOM: confusion
 26854 | D:15     | XOM: blink monster(s)
 26878 | D:15     | Found a basalt altar of Yredelemnul.
 26891 | D:15     | Reached skill level 16 in Unarmed Combat
 26923 | D:15     | XOM: fog
 26927 | D:15     | XOM: noise
 26952 | D:15     | Found a staircase to the Depths.
 27010 | D:15     | Found a basalt altar of Yredelemnul.
 27120 | D:15     | Found a staircase to the Depths.
 27212 | D:15     | XOM: confuse monster(s)
 27485 | Spider:1 | Entered Level 1 of the Spider Nest
 27498 | Spider:1 | Reached XP level 16. HP: 87/87 MP: 5/20
 27589 | Spider:1 | XOM: enchant monster (good)
 27607 | Spider:1 | Reached skill level 17 in Shapeshifting
 27618 | Spider:1 | XOM: divination: magic mapping
 27769 | Spider:1 | XOM: cast spell 'Discord'
 27808 | Spider:1 | XOM: god gift: staff of air
 27959 | Spider:1 | XOM: 1-stop teleportation journey
 28116 | Spider:1 | XOM: divination: detect items
 28117 | Spider:1 | XOM: noise
 28173 | Spider:1 | XOM: enchant monster (bad)
 28303 | Spider:1 | XOM: confusion
 28307 | Spider:1 | XOM: silly message
 28309 | Spider:1 | XOM: scenery: summon butterflies
 28677 | Spider:2 | XOM: noise
 28712 | Spider:2 | Reached skill level 11 in Translocations
 28717 | Spider:2 | Reached skill level 5 in Air Magic
 28753 | Spider:2 | XOM: silly message
 28758 | Spider:2 | Found a frozen archway.
 28758 | Spider:2 | XOM: 1-stop teleportation journey
 28760 | Spider:2 | XOM: summons 4 hostile shadow creatures
 28766 | Spider:2 | XOM: polymorph ice beast -> black bear
 28795 | IceCv    | Entered an ice cave
 29016 | Spider:2 | XOM: repel stairs
 29500 | Spider:2 | Reached skill level 16 in Dodging
 29766 | Spider:2 | Reached skill level 11 in Fighting
 29779 | Spider:2 | XOM: 3-stop teleportation journey
 29978 | Spider:2 | XOM: scenery: summon butterflies
 30066 | Spider:3 | XOM: summons friendly quasit
 30182 | Spider:3 | XOM: destruction
 30193 | Spider:3 | XOM: fake destruction
 30261 | Spider:3 | Noticed Arachne
 30276 | Spider:2 | XOM: cleaving
 30285 | Spider:2 | Killed Arachne
 30298 | Spider:3 | Reached skill level 18 in Shapeshifting
 30448 | Spider:3 | XOM: torment (92/117 hp)
 30555 | Spider:3 | XOM: cleaving
 30798 | Spider:3 | XOM: 1-stop teleportation journey
 30868 | Spider:4 | Entered Level 4 of the Spider Nest
 30887 | Spider:4 | Reached XP level 17. HP: 94/94 MP: 14/21
 30930 | Spider:4 | Found a transporter.
 30932 | Spider:4 | Noticed Talonman3's ghost (adept TeAE)
 30935 | Spider:4 | Found a transporter.
 30974 | Spider:4 | XOM: chaos cloud
 30978 | Spider:4 | Paralysed by you for 3 turns
 30989 | Spider:4 | XOM: polymorph redback -> shapeshifter
 31053 | Spider:4 | XOM: give mutations
 31053 | Spider:4 | Lost mutation: You have a pair of small horns on your head.
                  | [Xom's mischief]
 31053 | Spider:4 | Lost mutation: Your mind is very acute. (Int +8, Str/Dex
                  | -2) [Xom's mischief]
 31249 | Spider:4 | Reached skill level 17 in Dodging
 31460 | Spider:4 | Reached skill level 12 in Fighting
 31463 | Spider:4 | XOM: enchant monster (bad)
 31471 | Spider:4 | XOM: confuse monster(s)
 31515 | Spider:4 | XOM: smoke on damage
 31535 | Spider:4 | XOM: cast spell 'Monstrous Menagerie'
 31552 | Spider:4 | XOM: god gift: staff of fire
 31650 | Spider:4 | XOM: summons friendly quasit
 31665 | Spider:4 | XOM: confuse monster(s)
 31781 | Spider:4 | Got a gossamer rune of Zot
 32063 | Swamp:1  | Entered Level 1 of the Swamp
 32114 | Swamp:1  | XOM: summons 13 friendly demons
 32165 | Swamp:1  | XOM: cast spell 'Summon Ice Beast'
 32170 | Swamp:1  | XOM: 1-stop teleportation journey
 32182 | Swamp:1  | XOM: god gift: wand of roots (6)
 32200 | Swamp:1  | XOM: summons 5 friendly demons
 32248 | Swamp:1  | XOM: cloud trail
 32305 | Swamp:1  | XOM: god gift: book of Minor Magic
 32318 | Swamp:1  | Learned a level 1 spell: Apportation
 32321 | Swamp:1  | Learned a level 2 spell: Blink
 32373 | Swamp:1  | Reached skill level 18 in Dodging
 32795 | Swamp:2  | XOM: scenery: summon butterflies
 32840 | Swamp:2  | Reached skill level 13 in Fighting
 32930 | Swamp:2  | XOM: divination: detect items
 33012 | Swamp:2  | Identified a scroll of acquirement
 33012 | Swamp:2  | Acquired 870 gold pieces
 33030 | Swamp:2  | Reached skill level 19 in Shapeshifting
 33171 | Swamp:2  | XOM: give mutations
 33171 | Swamp:2  | Lost mutation: You are strong-willed. (Will+) [Xom's
                  | mischief]
 33171 | Swamp:2  | Lost mutation: You are agile. (Dex +4, Str/Int -1) [Xom's
                  | mischief]
 33171 | Swamp:2  | Gained mutation: You have a pair of small antennae on your
                  | head. [Xom's mischief]
 33397 | Swamp:2  | XOM: scenery: create altars
 33636 | Swamp:3  | XOM: polymorph tyrant leech -> ice dragon
 33642 | Swamp:3  | HP: 3/127 [ghost crab] (17)]
 33789 | Swamp:3  | Reached XP level 18. HP: 102/102 MP: 18/22
 33859 | Swamp:3  | XOM: scenery: summon butterflies
 34050 | Swamp:4  | Entered Level 4 of the Swamp
 34078 | Swamp:4  | XOM: summons 1 hostile shadow creature
 34152 | Swamp:4  | Reached skill level 19 in Dodging
 34192 | Swamp:4  | XOM: confuse monster(s)
 34341 | Swamp:4  | XOM: noise
 34349 | Swamp:4  | XOM: summons 4 friendly demons
 34363 | Swamp:4  | XOM: enchant monster (good)
 34372 | Swamp:4  | XOM: 2-stop teleportation journey
 34414 | Swamp:4  | XOM: summons friendly quasit
 34417 | Swamp:4  | XOM: silly message
 34453 | Swamp:4  | Noticed the 27-headed Lernaean hydra
 34454 | Swamp:4  | Killed the 27-headed Lernaean hydra
 34517 | Swamp:4  | Got a decaying rune of Zot
 34564 | Swamp:4  | XOM: cast spell 'Cause Fear'
 34763 | Lair:1   | XOM: divination: magic mapping
 34889 | Orc:2    | Bought a storm talisman for 1591 gold pieces
 35077 | Vaults:1 | Entered Level 1 of the Vaults
 35104 | Vaults:1 | Reached skill level 20 in Dodging
 35104 | Vaults:1 | Reached skill level 20 in Shapeshifting
 35153 | Vaults:1 | XOM: confuse monster(s)
 35155 | Vaults:1 | XOM: chaos upgrade
 35167 | Vaults:1 | XOM: confusion
 35171 | Vaults:1 | XOM: confusion (+ monsters)
 35282 | Vaults:1 | XOM: 1-stop teleportation journey
 35381 | Vaults:1 | Found Tydesh's Weapon Shoppe.
 35405 | Vaults:1 | XOM: divination: detect creatures
 35534 | Vaults:1 | XOM: give mutations
 35534 | Vaults:1 | Gained mutation: You have hidden genetic potential. [Xom's
                  | grace]
 35534 | Vaults:1 | Gained mutation: Your flesh is heat resistant. (rF+) [Xom's
                  | grace]
 35601 | Vaults:1 | Noticed Saint Roka
 35614 | Vaults:1 | XOM: enchant monster (good)
 35650 | Vaults:1 | Killed Saint Roka
 35651 | Vaults:1 | Reached skill level 21 in Shapeshifting
 35813 | Vaults:1 | XOM: cleaving
 35818 | Vaults:1 | XOM: summons 3 hostile demons
 35861 | Vaults:1 | XOM: summons 2 hostile shadow creatures
 35985 | Vaults:1 | XOM: god gift: 43 gold pieces
 36046 | Vaults:1 | Noticed Zenata
 36065 | Vaults:1 | XOM: scenery: create altars
 36078 | Vaults:1 | Found Sybb's Jewellery Shop.
 36161 | Vaults:1 | XOM: chaos upgrade
 36164 | Vaults:1 | XOM: enchant monster (bad)
 36180 | Vaults:1 | Reached XP level 19. HP: 106/106 MP: 23/23
 36403 | Vaults:1 | Killed Zenata
 36714 | Vaults:1 | XOM: torment (48/93 hp)
 36818 | Vaults:1 | Bought an amulet of guardian spirit for 450 gold pieces
 36998 | Vaults:2 | Reached skill level 22 in Shapeshifting
 37114 | Vaults:2 | XOM: confusion (+ monsters)
 37240 | Vaults:2 | XOM: destruction
 37248 | Vaults:2 | XOM: confuse monster(s)
 37295 | Vaults:2 | XOM: god gift: boomerang
 37316 | Vaults:2 | XOM: summons friendly shadow imp
 37325 | Vaults:2 | XOM: potion effect (heal wounds)
 37370 | Vaults:2 | Found Camac's Book Boutique.
 37420 | Vaults:2 | XOM: enchant monster (bad)
 37544 | Vaults:2 | XOM: give mutations
 37544 | Vaults:2 | Lost mutation: You are very robust. (+20% HP) [Xom's
                  | mischief]
 37544 | Vaults:2 | Lost mutation: You are completely covered in iridescent
                  | scales. (AC +6) [Xom's mischief]
 37544 | Vaults:2 | Lost mutation: You have hidden genetic potential. [Xom's
                  | mischief]
 37615 | Vaults:2 | XOM: stat loss: -1 Str (9/10)
 37627 | Vaults:2 | XOM: noise
 37639 | Vaults:2 | XOM: swap monsters
 37641 | Vaults:2 | Reached skill level 23 in Shapeshifting
 37973 | Vaults:2 | Noticed Bai Suzhen
 37986 | Vaults:2 | Killed Bai Suzhen
 38534 | Vaults:3 | XOM: chaos upgrade
 38608 | Vaults:3 | Reached skill level 3 in Spellcasting
 38610 | Vaults:3 | Noticed Frederick
 38610 | Vaults:3 | Noticed Nikola
 38620 | Vaults:3 | Killed Frederick
 38622 | Vaults:3 | Killed Nikola
 38832 | Vaults:3 | XOM: 2-stop teleportation journey
 38872 | Vaults:3 | XOM: 1-stop teleportation journey
 38945 | Vaults:3 | Found Gozag's Assorted Antiques.
 38950 | Vaults:3 | Found an opulent altar of Gozag.
 38950 | Vaults:3 | Found Gozag's Antique Weapon Shoppe.
 38968 | Vaults:3 | XOM: 7-stop teleportation journey
 38972 | Vaults:3 | XOM: chaos cloud
 38975 | Vaults:3 | Paralysed by you for 4 turns
 38975 | Vaults:3 | an ironbound thunderhulk changed into a juggernaut
 38975 | Vaults:3 | Noticed a juggernaut
 38975 | Vaults:3 | XOM: polymorph ironbound thunderhulk -> juggernaut
 38976 | Vaults:3 | Mangled by a juggernaut
 39088 | Vaults:3 | XOM: blink monster(s)
 39090 | Vaults:3 | XOM: 9-stop teleportation journey
 39168 | Vaults:3 | Found a staircase to the Crypt.
 39431 | Vaults:3 | Found Gozag's Antique Armour Shoppe.
 39523 | Vaults:3 | Reached skill level 4 in Spellcasting
 39523 | Vaults:3 | Reached XP level 20. HP: 103/103 MP: 22/27
 39758 | Vaults:3 | XOM: 3-stop teleportation journey
 39852 | Vaults:3 | XOM: summons 4 hostile shadow creatures
 40191 | Vaults:4 | XOM: 1-stop teleportation journey
 40250 | Vaults:4 | XOM: enchant monster (bad)
 40256 | Vaults:4 | Reached skill level 14 in Fighting
 40356 | Vaults:4 | XOM: fog
 40372 | Vaults:4 | Reached skill level 17 in Unarmed Combat
 40415 | Vaults:4 | Reached skill level 5 in Spellcasting
 40415 | Vaults:4 | XOM: butterfly on damage
 40418 | Vaults:4 | XOM: chaos upgrade
 40452 | Vaults:4 | XOM: stat loss: -1 Dex (21/22)
 40829 | Vaults:4 | Reached skill level 21 in Dodging
 40971 | Vaults:4 | XOM: silly message
 40993 | Vaults:4 | XOM: torment (65/105 hp)
 41160 | Vaults:4 | XOM: give mutations
 41160 | Vaults:4 | Gained mutation: You are very robust. (+20% HP) [Xom's
                  | grace]
 41160 | Vaults:4 | Gained mutation: You are strong-willed. (Will+) [Xom's
                  | grace]
 41160 | Vaults:4 | Gained mutation: You are extremely robust. (+30% HP) [Xom's
                  | grace]
 41160 | Vaults:4 | Gained mutation: Your muscles are strong. (Str +4, Int/Dex
                  | -1) [Xom's grace]
 41591 | Vaults:4 | XOM: god gift: wand of light (5)
 41686 | Vaults:4 | XOM: destruction
 41771 | Vaults:4 | Reached skill level 6 in Spellcasting
 41969 | Vaults:4 | XOM: god gift: war axe {god gift}
 41992 | Vaults:4 | XOM: give mutations
 41992 | Vaults:4 | Gained mutation: Your spells are a little harder to cast,
                  | but a little more powerful. [Xom's grace]
 41992 | Vaults:4 | Gained mutation: You are agile. (Dex +4, Str/Int -1) [Xom's
                  | grace]
 42073 | Vaults:4 | XOM: scenery: 3 doors close
 42215 | Vaults:2 | XOM: god gift: 2 potions of heal wounds
 42418 | Depths:3 | Identified the "Zej Ythe"
 42418 | Elf:1    | Identified the "Rips"
 42418 | Elf:1    | Identified the "Womuc"
 42418 | Elf:1    | Entered Level 1 of the Elven Halls
 42450 | Elf:1    | Found Tonof's Assorted Antiques.
 42452 | Elf:1    | Noticed Agnes
 42456 | Elf:1    | XOM: cast spell 'Leda's Liquefaction'
 42458 | Elf:1    | Killed Agnes
 42511 | Elf:1    | Bought a scroll of acquirement for 2080 gold pieces
 42511 | Elf:1    | Acquired the ring "Hoabli" {rF+ rC- Will+ Str+3}
 42515 | Elf:1    | Found a transporter.
 42517 | Elf:1    | Found a transporter.
 42524 | Elf:1    | Found Qaorirau's Book Emporium.
 42562 | Elf:1    | Found a transporter.
 42564 | Elf:1    | Found a transporter.
 42705 | Elf:1    | Found Zishryaz's Distillery.
 42715 | Elf:1    | Bought a potion of haste for 190 gold pieces
 42715 | Elf:1    | Bought a potion of haste for 190 gold pieces
 42742 | Elf:1    | XOM: divination: detect items
 42943 | Elf:1    | Found a transporter.
 42961 | Elf:1    | Found a transporter.
 43140 | Elf:2    | Reached XP level 21. HP: 130/130 MP: 30/32
 43160 | Elf:2    | Found Uxeebof's General Store.
 43161 | Elf:2    | XOM: swap monsters
 43189 | Elf:2    | XOM: chaos upgrade
 43221 | Abyss:5  | Cast into level 5 of the Abyss (Xom)
 43268 | Abyss:5  | Learned a level 4 spell: Manifold Assault
 43271 | Abyss:5  | Learned a level 2 spell: Passwall
 43339 | Abyss:5  | Reached skill level 15 in Fighting
 43375 | Abyss:5  | Got an abyssal rune of Zot
 43379 | Abyss:5  | XOM: silly message
 43381 | Abyss:5  | Reached skill level 7 in Spellcasting
 43388 | Abyss:5  | XOM: polymorph green very ugly thing -> white very ugly
                  | thing
 43527 | Abyss:5  | Reached skill level 24 in Shapeshifting
 43629 | Abyss:5  | Noticed a profane servitor
 43636 | Elf:2    | Escaped the Abyss
 43752 | Elf:2    | Found a runed translucent gate.
 43753 | Elf:2    | Found a runed translucent gate.
 43753 | Elf:2    | Found a runed translucent gate.
 43916 | Elf:2    | XOM: silly message
 43962 | Elf:2    | Reached skill level 18 in Unarmed Combat
 43964 | Elf:2    | Reached skill level 22 in Dodging
 43974 | Elf:2    | XOM: potion effect (might)
 43991 | Elf:2    | XOM: scenery: create altars
 44176 | Elf:3    | Identified the of Akaer
 44176 | Elf:3    | Entered Level 3 of the Elven Halls
 44415 | Elf:3    | Reached skill level 8 in Spellcasting
 44968 | Elf:3    | XOM: 2-stop teleportation journey
 45089 | Elf:3    | XOM: chaos upgrade
 45096 | Elf:3    | XOM: potion effect (invisibility)
 45197 | Elf:3    | Identified the ring "Voenoil" {Int+4 Slay+4}
 45386 | Elf:3    | XOM: god gift: wand of charming (4)
 45724 | Depths:1 | Entered Level 1 of the Depths
 45828 | Depths:1 | Found Rogott's Island Escapes.
 45836 | Depths:1 | Bought a scroll of blinking for 112 gold pieces
 45836 | Depths:1 | Bought a potion of haste for 150 gold pieces
 45836 | Depths:1 | Bought a scroll of teleportation for 45 gold pieces
 45836 | Depths:1 | Bought a scroll of fog for 60 gold pieces
 45836 | Depths:1 | Bought a scroll of fog for 60 gold pieces
 46031 | Depths:1 | XOM: polymorph iron troll -> glowing shapeshifter
 46117 | Depths:1 | Found a gateway to Hell.
 46174 | Depths:1 | Reached skill level 9 in Spellcasting
 46291 | Depths:1 | XOM: 5-stop teleportation journey
 46504 | Depths:2 | Reached XP level 22. HP: 136/136 MP: 36/36
 46539 | Depths:2 | XOM: confuse monster(s)
 46547 | Depths:2 | XOM: polymorph cyan very ugly thing -> purple very ugly
                  | thing
 46619 | Depths:2 | XOM: god gift: +2 hat of willpower
 46648 | Depths:2 | Noticed a juggernaut
 46673 | Depths:2 | Killed a juggernaut
 46674 | Depths:2 | Reached skill level 23 in Dodging
 46837 | Depths:2 | XOM: summons 8 friendly demons
 46872 | Depths:2 | XOM: silly message
 46928 | Depths:2 | Noticed a golden dragon
 46983 | Depths:2 | XOM: scenery: 1 doors close
 46986 | Depths:2 | Reached skill level 19 in Unarmed Combat
 46998 | Depths:2 | Killed a golden dragon
 47001 | Depths:2 | Noticed a golden dragon
 47005 | Depths:2 | XOM: smoke on damage
 47010 | Depths:2 | Reached skill level 10 in Spellcasting
 47010 | Depths:2 | Annihilated by an ettin
 47088 | Depths:2 | XOM: god gift: +2 whip of chaos
 47109 | Depths:2 | Killed a golden dragon
 47155 | Depths:2 | XOM: 3-stop teleportation journey
 47233 | Depths:2 | Noticed a juggernaut
 47241 | Depths:2 | XOM: potion effect (haste)
 47247 | Depths:2 | Killed a juggernaut
 47276 | Depths:2 | Noticed a juggernaut
 47292 | Depths:2 | Killed a juggernaut
 47293 | Depths:2 | Reached skill level 25 in Shapeshifting
 47379 | Depths:2 | XOM: god gift: 577 gold pieces
 47391 | Depths:2 | XOM: cleaving
 47531 | Depths:2 | Found a one-way gate leading to the halls of Pandemonium.
 47533 | Depths:2 | XOM: cloud trail
 47612 | Depths:2 | Found the +7 hand cannon "Mule" {flame, backblast, rF+}
 47624 | Depths:2 | Identified the staff "Jared" {rPois Int+3 Dex+3 Poison}
 47643 | Depths:2 | Identified the +9 lajatang "Weohee" {drain, rC+ Str+3
                  | Dex+2}
 47710 | Depths:2 | XOM: 9-stop teleportation journey
 47824 | Depths:2 | XOM: god gift: 2 boomerangs
 47842 | Depths:2 | XOM: destruction
 48096 | Depths:2 | XOM: divination: magic mapping
 48172 | Depths:2 | XOM: give mutation
 48172 | Depths:2 | Gained mutation: Your mind is very acute. (Int +8, Str/Dex
                  | -2) [Xom's grace]
 48358 | Depths:3 | Noticed a golden dragon
 48361 | Depths:3 | XOM: scenery: 1 doors close
 48367 | Depths:3 | Killed a golden dragon
 48368 | Depths:3 | Reached skill level 24 in Dodging
 48464 | Depths:3 | Found Begece's Vocational Training.
 48490 | Depths:3 | XOM: scenery: 3 fountains blood, 2 doors open
 48503 | Depths:3 | Found a one-way gateway to a ziggurat.
 48503 | Depths:3 | XOM: 4-stop teleportation journey
 48585 | Depths:3 | Noticed Louise
 48588 | Depths:3 | Found a one-way gate to the infinite horrors of the Abyss.
 48591 | Depths:3 | Killed Louise
 48639 | Depths:3 | XOM: summons 2 friendly demons
 48648 | Depths:3 | XOM: fake destruction
 48679 | Depths:3 | XOM: cleaving
 48859 | Depths:3 | Found Degrol's Book Shop.
 48866 | Depths:3 | Found Vesiak's Jewellery Emporium.
 48867 | Depths:3 | Found Vahus's Book Shop.
 48968 | Depths:3 | Found a glowing golden altar of the Shining One.
 49080 | Depths:3 | XOM: give mutations
 49080 | Depths:3 | Lost mutation: You are extremely robust. (+30% HP) [Xom's
                  | mischief]
 49080 | Depths:3 | Lost mutation: Your flesh is heat resistant. (rF+) [Xom's
                  | mischief]
 49080 | Depths:3 | Lost mutation: You are mostly covered in iridescent scales.
                  | (AC +4) [Xom's mischief]
 49080 | Depths:3 | Lost mutation: You are agile. (Dex +4, Str/Int -1) [Xom's
                  | mischief]
 49175 | Depths:3 | Reached XP level 23. HP: 129/129 MP: 38/38
 49289 | Depths:3 | XOM: give mutations
 49289 | Depths:3 | Lost mutation: You are strong-willed. (Will+) [Xom's
                  | mischief]
 49289 | Depths:3 | Lost mutation: You are very robust. (+20% HP) [Xom's
                  | mischief]
 49289 | Depths:3 | Lost mutation: Your muscles are strong. (Str +4, Int/Dex
                  | -1) [Xom's mischief]
 49292 | Depths:4 | Entered Level 4 of the Depths
 49451 | Depths:4 | Noticed Parghit
 49458 | Depths:4 | Parghit changed into Parghit the shard shrike
 49458 | Depths:4 | Noticed Parghit
 49472 | Depths:4 | Killed Parghit the shard shrike
 49518 | Depths:4 | XOM: silly message
 49608 | Depths:4 | Reached skill level 20 in Unarmed Combat
 49753 | Depths:4 | XOM: silly message
 49779 | Depths:4 | XOM: cleaving
 49783 | Depths:4 | XOM: 1-stop teleportation journey
 49840 | Depths:4 | XOM: summons 2 friendly demons
 49892 | Depths:4 | XOM: scenery: 2 doors close
 49893 | Depths:4 | Reached skill level 25 in Dodging
 49909 | Depths:4 | Noticed Vv
 49910 | Depths:4 | XOM: cleaving
 49912 | Depths:4 | XOM: enchant monster (good)
 49920 | Depths:4 | XOM: confuse monster(s)
 49933 | Depths:4 | Killed Vv
 50096 | Depths:4 | XOM: give mutation
 50096 | Depths:4 | Gained mutation: Your flesh is heat resistant. (rF+) [Xom's
                  | grace]
 50174 | Depths:4 | Found a gate to the Realm of Zot.
 50419 | Depths:4 | XOM: divine lightning
 50573 | Depths:4 | XOM: cast spell 'Alistair's Intoxication'
 50758 | Depths:4 | Learned a level 1 spell: Summon Small Mammal
 50814 | Zot:1    | Entered Level 1 of the Realm of Zot
 50830 | Zot:1    | Reached skill level 26 in Shapeshifting
 50835 | Zot:1    | Lost mutation: You are robust. (+10% HP) [mutagenic glow]
 50843 | Zot:1    | XOM: summons 10 friendly demons
 50845 | Zot:1    | XOM: summons friendly iron imp
 50849 | Zot:1    | XOM: enchant monster (bad)
 50859 | Zot:1    | XOM: enchant monster (good)
 50868 | Zot:1    | XOM: destruction
 50872 | Zot:1    | XOM: confuse monster(s)
 50905 | Zot:1    | Noticed an orb of fire
 50909 | Zot:1    | Gained mutation: You occasionally lose the ability to read
                  | scrolls when taking damage. [an orb of fire]
 50917 | Zot:1    | Gained mutation: You are weak. (Str -2) [an orb of fire]
 50924 | Zot:1    | Killed an orb of fire
 50976 | Zot:2    | Identified the "Daqif"
 51028 | Zot:2    | XOM: scenery: 1 doors close
 51191 | Zot:2    | XOM: confuse monster(s)
 51229 | Zot:2    | XOM: summons 10 hostile demons
 51479 | Zot:2    | XOM: 1-stop teleportation journey
 51490 | Zot:2    | XOM: enchant monster (good)
 51565 | Zot:2    | XOM: give mutations
 51565 | Zot:2    | Gained mutation: You are agile. (Dex +4, Str/Int -1) [Xom's
                  | grace]
 51565 | Zot:2    | Gained mutation: Your spells are harder to cast, but more
                  | powerful. [Xom's grace]
 51565 | Zot:2    | Gained mutation: You expend magic power (3 MP) to
                  | strengthen your wands. [Xom's grace]
 51565 | Zot:2    | Lost mutation: You are weak. (Str -2) [Xom's grace]
 51571 | Zot:2    | XOM: summons 3 friendly demons
 51593 | Zot:2    | XOM: confuse monster(s)
 51596 | Zot:2    | XOM: give mutations
 51596 | Zot:2    | Gained mutation: You are partially covered in large bone
                  | plates. (SH +4) [Xom's grace]
 51596 | Zot:2    | Gained mutation: Your flesh is very heat resistant. (rF++)
                  | [Xom's grace]
 51596 | Zot:2    | Gained mutation: You possess an exceptional clarity of
                  | mind. [Xom's grace]
 51596 | Zot:2    | Gained mutation: Your spells are much harder to cast, but
                  | much more powerful. [Xom's grace]
 51620 | Zot:2    | Reached skill level 27 in Shapeshifting
 51740 | Zot:3    | XOM: swap monsters
 51744 | Zot:3    | XOM: summons 2 friendly demons
 51745 | Zot:3    | XOM: polymorph shadow imp -> iron imp
 51811 | Zot:3    | XOM: god gift: 4 gold pieces
 51986 | Zot:3    | Reached XP level 24. HP: 112/113 MP: 29/38
 52048 | Zot:3    | Reached skill level 5 in Evocations
 52051 | Zot:3    | XOM: 1-stop teleportation journey
 52131 | Zot:3    | XOM: potion effect (haste)
 52525 | Zot:3    | Reached skill level 6 in Evocations
 52608 | Zot:3    | Reached skill level 26 in Dodging
 52688 | Zot:3    | Noticed an ancient lich
 52689 | Zot:3    | Found a stormy altar of Qazlal.
 52693 | Zot:3    | XOM: potion effect (brilliance)
 52695 | Zot:3    | XOM: destruction
 52705 | Zot:3    | Killed an ancient lich
 52706 | Zot:3    | Reached skill level 11 in Spellcasting
 52706 | Zot:3    | XOM: divine lightning
 52746 | Zot:3    | XOM: god gift: 60 gold pieces
 52750 | Zot:3    | XOM: scenery: create altars
 53065 | Zot:4    | XOM: enchant monster (good)
 53271 | Zot:3    | XOM: scenery: 1 doors open
 53300 | Zot:4    | XOM: potion effect (heal wounds)
 53311 | Zot:3    | XOM: give mutations
 53311 | Zot:3    | Gained mutation: You have hidden genetic potential. [Xom's
                  | grace]
 53311 | Zot:3    | Gained mutation: You are mostly covered in iridescent
                  | scales. (AC +4) [Xom's grace]
 53311 | Zot:3    | Gained mutation: You are very agile. (Dex +8, Str/Int -2)
                  | [Xom's grace]
 53311 | Zot:3    | Gained mutation: Your flesh is almost immune to the effects
                  | of heat. (rF+++) [Xom's grace]
 53487 | Zot:4    | XOM: god gift: atropa-tipped dart
 53492 | Zot:4    | Lost mutation: Your flesh is almost immune to the effects
                  | of heat. (rF+++) [potion of mutation]
 53492 | Zot:4    | Lost mutation: Your flesh is very heat resistant. (rF++)
                  | [potion of mutation]
 53492 | Zot:4    | Lost mutation: You are mostly covered in iridescent scales.
                  | (AC +4) [potion of mutation]
 53492 | Zot:4    | Gained mutation: Your flesh is very cold resistant. (rC++)
                  | [potion of mutation]
 53493 | Zot:4    | Lost mutation: Your flesh is very cold resistant. (rC++)
                  | [potion of mutation]
 53493 | Zot:4    | Lost mutation: You are partially covered in iridescent
                  | scales. (AC +2) [potion of mutation]
 53493 | Zot:4    | Lost mutation: Your spells are much harder to cast, but
                  | much more powerful. [potion of mutation]
 53493 | Zot:4    | Lost mutation: You have a pair of small antennae on your
                  | head. [potion of mutation]
 53493 | Zot:4    | Gained mutation: You have a pair of small antennae on your
                  | head. [potion of mutation]
 53494 | Zot:4    | Lost mutation: Your flesh is heat resistant. (rF+) [potion
                  | of mutation]
 53494 | Zot:4    | Lost mutation: Your spells are harder to cast, but more
                  | powerful. [potion of mutation]
 53494 | Zot:4    | Gained mutation: Potions are less effective at restoring
                  | your health. [potion of mutation]
 53495 | Zot:4    | Lost mutation: Potions are less effective at restoring your
                  | health. [potion of mutation]
 53495 | Zot:4    | Lost mutation: You have a pair of small antennae on your
                  | head. [potion of mutation]
 53495 | Zot:4    | Lost mutation: Your mind is very acute. (Int +8, Str/Dex
                  | -2) [potion of mutation]
 53495 | Zot:4    | Gained mutation: You have an increased reservoir of magic.
                  | (+10% MP) [potion of mutation]
 53495 | Zot:4    | Gained mutation: You are frail. (-10% HP) [potion of
                  | mutation]
 53495 | Zot:4    | Lost mutation: You expend magic power (3 MP) to strengthen
                  | your wands. [potion of mutation]
 53495 | Zot:4    | Gained mutation: A frigid envelope surrounds you and
                  | freezes all who hurt you. [potion of mutation]
 53496 | Zot:4    | Lost mutation: You have hidden genetic potential. [potion
                  | of mutation]
 53496 | Zot:4    | Lost mutation: You have an increased reservoir of magic.
                  | (+10% MP) [potion of mutation]
 53496 | Zot:4    | Gained mutation: You have a somewhat thin skeletal
                  | structure. (Dex +2, Stealth+) [potion of mutation]
 53496 | Zot:4    | Lost mutation: You are partially covered in large bone
                  | plates. (SH +4) [potion of mutation]
 53496 | Zot:4    | Gained mutation: Your mind is very acute. (Int +8, Str/Dex
                  | -2) [potion of mutation]
 53497 | Zot:4    | Lost mutation: You are frail. (-10% HP) [potion of
                  | mutation]
 53497 | Zot:4    | Lost mutation: Your spells are a little harder to cast, but
                  | a little more powerful. [potion of mutation]
 53497 | Zot:4    | Lost mutation: Your mind is very acute. (Int +8, Str/Dex
                  | -2) [potion of mutation]
 53497 | Zot:4    | Gained mutation: You are partially covered in iridescent
                  | scales. (AC +2) [potion of mutation]
 53498 | Zot:4    | Lost mutation: You have a somewhat thin skeletal structure.
                  | (Dex +2, Stealth+) [potion of mutation]
 53498 | Zot:4    | Lost mutation: You are partially covered in iridescent
                  | scales. (AC +2) [potion of mutation]
 53498 | Zot:4    | Gained mutation: You are weak. (Str -2) [potion of
                  | mutation]
 53498 | Zot:4    | Lost mutation: You are weak. (Str -2) [potion of mutation]
 53498 | Zot:4    | Gained mutation: Your spells are a little harder to cast,
                  | but a little more powerful. [potion of mutation]
 53499 | Zot:4    | Lost mutation: A frigid envelope surrounds you and freezes
                  | all who hurt you. [potion of mutation]
 53499 | Zot:4    | Lost mutation: Your flesh is cold resistant. (rC+) [potion
                  | of mutation]
 53499 | Zot:4    | Lost mutation: You occasionally lose the ability to read
                  | scrolls when taking damage. [potion of mutation]
 53499 | Zot:4    | Gained mutation: You are partially covered in iridescent
                  | scales. (AC +2) [potion of mutation]
 53499 | Zot:4    | Gained mutation: Your system is resistant to poisons.
                  | (rPois) [potion of mutation]
 53499 | Zot:4    | Gained mutation: You are mostly covered in iridescent
                  | scales. (AC +4) [potion of mutation]
 53499 | Zot:4    | Gained mutation: You are somewhat resistant to further
                  | mutation. [potion of mutation]
 53510 | Zot:5    | Entered Level 5 of the Realm of Zot
 53568 | Zot:5    | XOM: blink monster(s)
 53577 | Zot:5    | Reached skill level 7 in Evocations
 53608 | Zot:5    | XOM: polymorph purple draconian -> ghost moth
 53680 | Zot:5    | XOM: enchant monster (bad)
 53708 | Zot:5    | XOM: 1-stop teleportation journey
 53714 | Zot:5    | Noticed an orb of fire
 53715 | Zot:5    | Noticed an orb of fire
 53715 | Zot:5    | Noticed an orb of fire
 53715 | Zot:5    | Noticed an orb of fire
 53715 | Zot:5    | Noticed an orb of fire
 53715 | Zot:5    | Noticed an orb of fire
 53717 | Zot:5    | Gained mutation: You occasionally shout uncontrollably at
                  | your foes. [an orb of fire]
 53720 | Zot:5    | Got the Orb of Zot
 53721 | Zot:5    | Noticed an orb of fire
 53722 | Zot:5    | Noticed an orb of fire
 53724 | Zot:5    | XOM: summons 7 friendly demons
 53725 | Zot:5    | Reached skill level 16 in Fighting
 53727 | Zot:5    | Noticed an orb of fire
 53737 | Zot:5    | Noticed an ancient lich
 53737 | Zot:5    | XOM: 1-stop teleportation journey
 53741 | Zot:5    | XOM: noise
 53744 | Zot:5    | XOM: summons 11 hostile demons
 53750 | Zot:5    | XOM: blink monster(s)
 53762 | Zot:4    | Noticed Baumn the pandemonium lord
 53948 | Depths:4 | XOM: summons 13 hostile demons
 54027 | Depths:1 | XOM: scenery: 2 doors close
 54048 | Depths:1 | Noticed Vummigru the pandemonium lord
 54142 | D:11     | Noticed Weibounu the pandemonium lord
 54211 | D:8      | Noticed Qonon the pandemonium lord
 54211 | D:8      | XOM: destruction
 54284 | D:3      | Noticed Jorphate the pandemonium lord
 54306 | D:2      | XOM: summons 1 hostile demon
 54397 | D:$      | Escaped with the Orb!

Illustrated notes

Levels and vault maps discovered:
D:1:      eino_arrival_cavern_c, layout_rooms, ebering_ecumenical_altar_webs
D:2:      layout_basic, hex_tiny
D:3:      layout_basic
D:4:      layout_basic, nicolae_ossuary_entry_false_entrances
D:5:      layout_cave_pools, minmay_overflow_temple_hex,
          minmay_temple_entry_overgrown, uniq_ijyb
D:6:      layout_rooms, mainiacjoe_overflow_tiny_flanked, portal_sewer_entry_d,
          ebering_ghost_rock_garden, serial_shops, kennysheep_mini_moat
D:7:      layout_basic, grunt_temple_overflow_order_and_chaos_2,
          mainiacjoe_overflow_catwalk, uniq_maggie
D:8:      layout_loops_cross, serial_shops, shop, nicolae_shop_unique_rings,
          dreamdust_deal_with_the_devil, uniq_grum, uniq_psyche, uniq_amaemon
D:9:      layout_roguey
D:10:     layout_loops_cross, serial_shops, nicolae_shop_real_fake_doors,
          grunt_ministairs_6, nicolae_diode_quadrants, uniq_nergalle
D:11:     layout_big_octagon, hellmonk_lair_entry_icy, grunt_ministairs_7
D:12:     layout_basic, david_orc_2, uniq_rupert
D:13:     layout_roguey, ximxim_vaults_locker_room, uniq_maurice
D:14:     layout_grid_maze, chequers_serial_rivers_micro_e
D:15:     grunt_enter_depths_hoard, layout_rooms, amcnicky_mini_pool_small,
          nicolae_yredelemnul_corpse_copse, uniq_nessos, uniq_josephine
Lair:1:   gammafunk_lair_enchanted_lake, layout_cave_pods, uniq_prince_ribbit2
Lair:2:   minmay_lair_oklob_chamber, layout_long_grid, dummy_spider_entry,
          serial_bayou_shore_b, lemuel_fruit_fields, infiniplex_staircase_pool
Lair:3:   layout_loops_ring, alex1729_swamp_entry_worm_eleionoma,
          ebering_ghost_inner_flame, beast_lair_carwin_7
Lair:4:   layout_misc_corridors, ebering_ghost_rock_garden, basic_altar,
          chequers_serial_rivers_room_a, nicolae_quartered_pool_super,
          serial_bayou_crossing, serial_bayou_shore_b
Lair:5:   cheibrodos_lair_end_hotspot, layout_long_grid,
          minmay_slime_entry_oklob_open
Swamp:1:  layout_basic_swamp, evilmike_swamp_ruin_house_4, st_swamp_ruins_1
Swamp:2:  dpeg_oklob_gauntlet, layout_basic_swamp, serial_swamp_ruin,
          hangedman_swamp_ruin_wall, evilmike_swamp_ruin_rubble_2, swamp_pool3
Swamp:3:  layout_falls_marsh, evilmike_swamp_ruin_rubble_1
Swamp:4:  grunt_swamp_rune_castle, layout_basic_swamp,
          nicolae_swamp_catching_bugs
Spider:1: layout_spider_delve
Spider:2: layout_chambers, portal_ice_cave_entry_ice_statue_two,
          nicolae_spider_moth_buddies
Spider:3: layout_spider_delve, dreamdust_wasp_nest, uniq_arachne
Spider:4: spider_rune_water, gammafunk_ghost_arena,
          nicolae_spider_baby_got_redback
Orc:1:    layout_caves, serial_shops, nicolae_shop_bloodbath_and_beyond,
          mines4_lemuel, uniq_sonja
Orc:2:    st_orc_town, layout_diamond_mine, nicolae_orc_damp_corner
Elf:1:    layout_geoelf_octagon, serial_shops, shop, shop, shop,
          minmay_elf_demonology, serial_nicolae_subway,
          nicolae_sub_station_crystal, nicolae_sub_station_metal,
          nicolae_sub_station_stone, uniq_agnes
Elf:2:    nicolae_elf_blades_splatter_lattice
          [nicolae_blade_entry_hurt_lockers], layout_rooms, serial_shops, shop
Elf:3:    minmay_elf_hall, layout_onion_city
Vaults:1: v_misc_23, nicolae_vaults_meiosis, st_cells, nicolae_vaults_wrenched,
          ontoclasm_vaults_twist, v_misc_12, nicolae_vaults_shrinking_rooms_1,
          nicolae_vaults_two_Ls, nicolae_vaults_taking_the_gang_shopping,
          nicolae_vaults_little_squares_5, nicolae_vaults_network_barrier,
          vaults_room_stairs_pillars, nicolae_vaults_hexular_roomagon,
          layout_vaults_omnibox, serial_shops, shop, uniq_zenata,
          uniq_saint_roka
Vaults:2: vaults_dpeg_hooks, nicolae_vaults_border_crossing,
          nicolae_vaults_trapezoid_lopsided_4, nicolae_vaults_weapon_check,
          nicolae_vaults_house_2, vaults_room_door_hall, vaults_room_semicircle,
          nicolae_vaults_network_periphery, nicolae_vaults_diamond_2,
          layout_vaults_omnigrid, serial_shops, shop, uniq_bai_suzhen
Vaults:3: nicolae_vaults_tetromino_Z_1, ontoclasm_vaults_tryst,
          kennysheep_vaults_gozag_temple, nicolae_vaults_surprise_closet,
          minmay_crypt_entry_simple_plaza, nicolae_vaults_trapezoid_lopsided_2,
          nicolae_vaults_shelves_hall, ontoclasm_vaults_claustrophobia,
          grunt_vaults_bifocal, nicolae_vaults_six-pack, grunt_vaults_focal,
          nicolae_vaults_little_squares_2, hangedman_vaults_snaps,
          layout_vaults_maze_snakey, uniq_nikola, uniq_frederick, uniq_margery
Vaults:4: nicolae_vaults_network_star, v_misc_3, nicolae_vaults_minivaults,
          nicolae_vaults_trapezoid_1, v_misc_3,
          nicolae_vaults_offset_grid_hallway_2, nicolae_vaults_big_ls,
          dpeg_vaults_monster_row, ontoclasm_vaults_loading_screen,
          nicolae_vaults_little_squares_3, hangedman_vaults_corner, v_misc_8,
          vaults_dpeg_diagonal, nicolae_vaults_tetromino_T_1,
          layout_vaults_omnicross
Depths:1: layout_roguey, minmay_crystal_water, hell_entry,
          hangedman_abyss_or_decor_jellyfish_corner, nicolae_island_escapes
Depths:2: box_level_dp, hell_entry, pan_entry
Depths:3: abrahamwl_protected_by_tso_3, layout_basic, enter_ziggurat_f,
          nicolae_abyss_entry_one_way_or_another, grunt_metal_band,
          kennysheep_pointless_box, nicolae_shop_vocational, minmay_shop_grove
Depths:4: grunt_bruiser_brothers, layout_gridlike, rand_demon_pan_entry_4,
          pf_coc_iceberg, kennysheep_four_rooms, uniq_josephina, uniq_vv,
          uniq_parghit
Zot:1:    layout_onion_interference, hangedman_zot_decor_unnerving_road,
          bh_zot_lava_cross, grunt_megastairs_1
Zot:2:    lemuel_draconian_sentries_small, layout_gridville,
          st_large_dragon_hoard_3
Zot:3:    regret_index_qazlal_generations, layout_twisted_circle
Zot:4:    grunt_zot_stairs_mandelzot, layout_basic, st_single_dragon_hoard_4
Zot:5:    layout_basic

Skill      XL: |  1  2  3  4  5  6  7  8  9 10 11 12 13 14 15 16 17 18 19 20 21 22 23 24 |
---------------+-------------------------------------------------------------------------+-----
Stealth        | 2 3 5 6 |  6.0
Dodging        | 4 5 6 8 9 12 15 16 18 20 21 22 24 25 26 | 26.3
Translocations | 2 3 5 7 8 9 10 11 | 11.0
Unarmed Combat | 4 5 7 9 10 11 12 14 16 17 18 19 20 | 20.0
Fighting       | 4 5 6 7 9 10 11 13 14 15 16 | 16.1
Evocations     | 4 7 |  7.7
Spellcasting   | 2 4 6 9 10 11 | 11.5
Summonings     | 2 |  2.1
Shapeshifting  | 4 10 14 15 16 18 19 21 23 24 25 27 | 27.0
Air Magic      | 2 4 5 |  5.0

Action                     |  1- 3 |  4- 6 |  7- 9 | 10-12 | 13-15 | 16-18 | 19-21 | 22-24 || total
---------------------------+-------+-------+-------+-------+-------+-------+-------+-------++-------
  Melee: Unarmed           |    90 |   179 |   414 |   574 |  1283 |  1392 |  1218 |  1197 ||  6347
         Bite              |    11 |    19 |    55 |    91 |   189 |   198 |    15 |       ||   578
         Punch             |     2 |     3 |    29 |    43 |   133 |   177 |   184 |   222 ||   793
         Headbutt          |       |    35 |    81 |   132 |   333 |   117 |       |       ||   698
         Maw               |       |       |       |   117 |       |       |       |       ||   117
   Cast: Teleport Other    |       |       |    28 |     1 |       |       |       |       ||    29
         Gell's Gravitas   |       |       |       |    46 |     6 |       |       |       ||    52
         Vhi's Electric Ch |       |       |       |       |     6 |    66 |    79 |    23 ||   174
         Apportation       |       |       |       |       |       |     1 |       |     2 ||     3
         Summon Forest     |       |       |       |       |       |     1 |       |       ||     1
         Blink             |       |       |       |       |       |       |     1 |     1 ||     2
         Passwall          |       |       |       |       |       |       |     1 |       ||     1
         Manifold Assault  |       |       |       |       |       |       |       |    23 ||    23
Ability: Blinkbolt         |       |       |       |       |       |       |    21 |    24 ||    45
  Evoke: Wand              |       |       |     5 |    28 |    12 |     4 |       |     4 ||    53
         Box of beasts     |       |       |       |       |     1 |     2 |       |       ||     3
         Phantom mirror    |       |       |       |       |       |     1 |       |       ||     1
    Use: Scroll            |     3 |     5 |     4 |     9 |     8 |     8 |     2 |    19 ||    58
         Potion            |     1 |       |     4 |       |       |     2 |     3 |    25 ||    35
   Stab: Sleeping          |     4 |     6 |     3 |    19 |    27 |     9 |    15 |    11 ||    94
         Petrified         |       |       |     1 |     4 |     4 |       |       |       ||     9
         Confused          |       |       |     1 |     3 |     2 |     5 |     3 |    15 ||    29
         Invisible         |       |       |     1 |     1 |     1 |     1 |     1 |    14 ||    19
         Distracted        |       |       |       |     6 |     4 |     5 |     3 |     8 ||    26
         Paralysed         |       |       |       |       |       |       |       |     1 ||     1
 Armour: Skin              |    16 |    54 |   149 |   152 |   568 |   770 |   158 |   191 ||  2058
  Dodge: Dodged            |    73 |   138 |   387 |   713 |  2567 |  3728 |  1378 |  1688 || 10672
   Form: Maw               |       |       |       |     2 |       |       |       |       ||     2
         Statue            |       |       |       |     2 |       |     1 |       |       ||     3
         Storm             |       |       |       |       |       |     1 |     1 |       ||     2

Table legend: (Time is in decaauts)
 A = Elapsed time spent in this place.
 B = Non-inter-level travel time spent in this place.
 C = Inter-level travel time spent in this place.
 D = Time resting spent in this place.
 E = Time spent auto-exploring this place.
 F = Levels seen in this place.
 G = Mean time per level.
                   A        B        C        D        E       F      G
               +--------+--------+--------+--------+--------+-----+--------+
         Total |  59988 |  54570 |   5418 |   7766 |  32850 |  49 | 1224.2 |
       Dungeon |  19664 |  17317 |   2347 |   4096 |   8674 |  15 | 1310.9 |
          Lair |   7574 |   6723 |    851 |    858 |   4062 |   5 | 1514.8 |
         Swamp |   4048 |   3776 |    272 |    278 |   2441 |   4 | 1012.0 |
   Spider Nest |   6538 |   6196 |    342 |    403 |   4253 |   4 | 1634.5 |
  Orcish Mines |   3321 |   2788 |    533 |    315 |   1752 |   2 | 1660.5 |
   Elven Halls |   2651 |   2415 |    236 |    315 |   1587 |   3 |  883.7 |
        Vaults |   7637 |   7289 |    348 |    445 |   5381 |   4 | 1909.2 |
        Depths |   4982 |   4693 |    289 |     56 |   3679 |   4 | 1245.5 |
           Zot |   2832 |   2636 |    196 |    866 |    991 |   5 |  566.4 |
         Abyss |    386 |    386 |      0 |    108 |     27 |   1 |  386.0 |
       Ossuary |    343 |    343 |      0 |     22 |      0 |   1 |  343.0 |
      Ice Cave |      7 |      7 |      0 |      0 |      0 |   1 |    7.0 |
               +--------+--------+--------+--------+--------+-----+--------+

Top non-repeatable levels by time:
   Orc:2: 2505 daAuts
Vaults:1: 2398 daAuts
Spider:2: 2374 daAuts
     D:5: 2073 daAuts
  Lair:5: 2063 daAuts
Vaults:4: 2027 daAuts
  Lair:1: 1981 daAuts
    D:10: 1804 daAuts
     D:7: 1785 daAuts
    D:11: 1742 daAuts
Depths:2: 1708 daAuts
Vaults:2: 1674 daAuts
Spider:1: 1655 daAuts
   Zot:3: 1617 daAuts
     D:6: 1608 daAuts

Table legend:
 A = Kills in this place as a percentage of kills in the entire game.
 B = Kills by you in this place as a percentage of kills by you in the entire game.
 C = Kills by friends in this place as a percentage of kills by friends in the entire game.
 D = Other kills in this place as a percentage of other kills in the entire game.
 E = Experience gained in this place as a percentage of experience gained in the entire game.
 F = Experience gained in this place divided by the number of levels of this place that you have seen.
                   A       B       C       D       E      F
               +-------+-------+-------+-------+-------+----------------------
         Total | 100.0 | 100.0 | 100.0 | 100.0 | 100.0 | 21953.2
       Dungeon |  20.8 |  20.8 |  25.5 |   0.0 |   7.1 | 5123.4
          Lair |   9.8 |  10.0 |   8.5 |   0.0 |   6.2 | 13275.4
         Swamp |   7.2 |   6.8 |  23.4 |  11.1 |   8.0 | 21433.0
   Spider Nest |  10.8 |  10.6 |  21.3 |   5.6 |   8.3 | 22304.5
  Orcish Mines |   6.1 |   6.0 |   4.3 |  22.2 |   1.4 | 7296.0
   Elven Halls |   7.2 |   7.4 |   2.1 |   0.0 |   9.3 | 33477.7
        Vaults |  16.0 |  16.0 |   6.4 |  33.3 |  21.3 | 57148.0
        Depths |  12.0 |  12.0 |   6.4 |  22.2 |  21.4 | 57467.0
           Zot |   6.8 |   6.9 |   2.1 |   5.6 |  15.1 | 32488.2
         Abyss |   2.0 |   2.1 |   0.0 |   0.0 |   2.0 | 21561.0
       Ossuary |   1.3 |   1.3 |   0.0 |   0.0 |   0.0 |  43.0
               +-------+-------+-------+-------+-------+----------------------
